%YAML 1.1
%TAG !u! tag:unity3d.com,2011:
--- !u!1 &128512920473372325
GameObject:
  m_ObjectHideFlags: 0
  m_CorrespondingSourceObject: {fileID: 0}
  m_PrefabInstance: {fileID: 0}
  m_PrefabAsset: {fileID: 0}
  serializedVersion: 6
  m_Component:
  - component: {fileID: 197463196409568444}
  m_Layer: 0
  m_Name: lowerarm_l
  m_TagString: Untagged
  m_Icon: {fileID: 0}
  m_NavMeshLayer: 0
  m_StaticEditorFlags: 0
  m_IsActive: 1
--- !u!4 &197463196409568444
Transform:
  m_ObjectHideFlags: 0
  m_CorrespondingSourceObject: {fileID: 0}
  m_PrefabInstance: {fileID: 0}
  m_PrefabAsset: {fileID: 0}
  m_GameObject: {fileID: 128512920473372325}
  m_LocalRotation: {x: -0.035102446, y: -0.06389837, z: 0.75932956, w: 0.6466092}
  m_LocalPosition: {x: -0.24795492, y: -0.007844598, z: -0.0052705384}
  m_LocalScale: {x: 1.0000001, y: 1.0000001, z: 1.0000001}
  m_ConstrainProportionsScale: 0
  m_Children:
  - {fileID: 4005424110249737731}
  - {fileID: 8670030370944582892}
  m_Father: {fileID: 4470771507163873467}
  m_RootOrder: 0
  m_LocalEulerAnglesHint: {x: 0, y: 0, z: 0}
--- !u!1 &703800622515999007
GameObject:
  m_ObjectHideFlags: 0
  m_CorrespondingSourceObject: {fileID: 0}
  m_PrefabInstance: {fileID: 0}
  m_PrefabAsset: {fileID: 0}
  serializedVersion: 6
  m_Component:
  - component: {fileID: 3546650266993377628}
  m_Layer: 0
  m_Name: thigh_l
  m_TagString: Untagged
  m_Icon: {fileID: 0}
  m_NavMeshLayer: 0
  m_StaticEditorFlags: 0
  m_IsActive: 1
--- !u!4 &3546650266993377628
Transform:
  m_ObjectHideFlags: 0
  m_CorrespondingSourceObject: {fileID: 0}
  m_PrefabInstance: {fileID: 0}
  m_PrefabAsset: {fileID: 0}
  m_GameObject: {fileID: 703800622515999007}
  m_LocalRotation: {x: 0.28602427, y: 0.17266822, z: -0.074428394, w: 0.9395937}
  m_LocalPosition: {x: 0.014488297, y: -0.005314235, z: -0.090058096}
  m_LocalScale: {x: 1, y: 1, z: 0.9999999}
  m_ConstrainProportionsScale: 0
  m_Children:
  - {fileID: 8961132577358507973}
  m_Father: {fileID: 530387680624958871}
  m_RootOrder: 1
  m_LocalEulerAnglesHint: {x: 0, y: 0, z: 0}
--- !u!1 &760251073096448011
GameObject:
  m_ObjectHideFlags: 0
  m_CorrespondingSourceObject: {fileID: 0}
  m_PrefabInstance: {fileID: 0}
  m_PrefabAsset: {fileID: 0}
  serializedVersion: 6
  m_Component:
  - component: {fileID: 8469305311475935974}
  m_Layer: 0
  m_Name: middle_03_l
  m_TagString: Untagged
  m_Icon: {fileID: 0}
  m_NavMeshLayer: 0
  m_StaticEditorFlags: 0
  m_IsActive: 1
--- !u!4 &8469305311475935974
Transform:
  m_ObjectHideFlags: 0
  m_CorrespondingSourceObject: {fileID: 0}
  m_PrefabInstance: {fileID: 0}
  m_PrefabAsset: {fileID: 0}
  m_GameObject: {fileID: 760251073096448011}
  m_LocalRotation: {x: -0.001621813, y: 0.047480937, z: 0.09020858, w: 0.9947891}
  m_LocalPosition: {x: -0.050129775, y: -0.011741791, z: 0.005926857}
  m_LocalScale: {x: 0.9999998, y: 0.99999994, z: 0.99999976}
  m_ConstrainProportionsScale: 0
  m_Children: []
  m_Father: {fileID: 2465831361115483999}
  m_RootOrder: 0
  m_LocalEulerAnglesHint: {x: 0, y: 0, z: 0}
--- !u!1 &899667742631022746
GameObject:
  m_ObjectHideFlags: 0
  m_CorrespondingSourceObject: {fileID: 0}
  m_PrefabInstance: {fileID: 0}
  m_PrefabAsset: {fileID: 0}
  serializedVersion: 6
  m_Component:
  - component: {fileID: 2484273452153450681}
  m_Layer: 0
  m_Name: thigh_r
  m_TagString: Untagged
  m_Icon: {fileID: 0}
  m_NavMeshLayer: 0
  m_StaticEditorFlags: 0
  m_IsActive: 1
--- !u!4 &2484273452153450681
Transform:
  m_ObjectHideFlags: 0
  m_CorrespondingSourceObject: {fileID: 0}
  m_PrefabInstance: {fileID: 0}
  m_PrefabAsset: {fileID: 0}
  m_GameObject: {fileID: 899667742631022746}
  m_LocalRotation: {x: -0.1209392, y: 0.17730609, z: 0.9766952, w: -0.0016696213}
  m_LocalPosition: {x: 0.014486617, y: -0.0053142747, z: 0.09005803}
  m_LocalScale: {x: 1, y: 1, z: 0.9999999}
  m_ConstrainProportionsScale: 0
  m_Children:
  - {fileID: 3127489665592425802}
  m_Father: {fileID: 530387680624958871}
  m_RootOrder: 2
  m_LocalEulerAnglesHint: {x: 0, y: 0, z: 0}
--- !u!1 &1240826653385634811
GameObject:
  m_ObjectHideFlags: 0
  m_CorrespondingSourceObject: {fileID: 0}
  m_PrefabInstance: {fileID: 0}
  m_PrefabAsset: {fileID: 0}
  serializedVersion: 6
  m_Component:
  - component: {fileID: 3466559672105879619}
  m_Layer: 0
  m_Name: index_02_r
  m_TagString: Untagged
  m_Icon: {fileID: 0}
  m_NavMeshLayer: 0
  m_StaticEditorFlags: 0
  m_IsActive: 1
--- !u!4 &3466559672105879619
Transform:
  m_ObjectHideFlags: 0
  m_CorrespondingSourceObject: {fileID: 0}
  m_PrefabInstance: {fileID: 0}
  m_PrefabAsset: {fileID: 0}
  m_GameObject: {fileID: 1240826653385634811}
  m_LocalRotation: {x: 0.11375823, y: -0.35145214, z: -0.5126, w: 0.7751011}
  m_LocalPosition: {x: 0.035871428, y: 0.013364868, z: -0.00078689575}
  m_LocalScale: {x: 0.99999994, y: 1, z: 1}
  m_ConstrainProportionsScale: 0
  m_Children:
  - {fileID: 4553372166507290095}
  m_Father: {fileID: 5585428348548665648}
  m_RootOrder: 0
  m_LocalEulerAnglesHint: {x: 0, y: 0, z: 0}
--- !u!1 &1552218049609088116
GameObject:
  m_ObjectHideFlags: 0
  m_CorrespondingSourceObject: {fileID: 0}
  m_PrefabInstance: {fileID: 0}
  m_PrefabAsset: {fileID: 0}
  serializedVersion: 6
  m_Component:
  - component: {fileID: 2216130260856366798}
  - component: {fileID: 5197552472271076532}
  - component: {fileID: 9087453705236347167}
  m_Layer: 0
  m_Name: Sumo
  m_TagString: Untagged
  m_Icon: {fileID: 0}
  m_NavMeshLayer: 0
  m_StaticEditorFlags: 0
  m_IsActive: 1
--- !u!4 &2216130260856366798
Transform:
  m_ObjectHideFlags: 0
  m_CorrespondingSourceObject: {fileID: 0}
  m_PrefabInstance: {fileID: 0}
  m_PrefabAsset: {fileID: 0}
  m_GameObject: {fileID: 1552218049609088116}
  m_LocalRotation: {x: 0, y: 0.7071068, z: 0, w: 0.7071068}
  m_LocalPosition: {x: 0, y: 0, z: 0}
  m_LocalScale: {x: 3.5, y: 3.5, z: 3.5}
  m_ConstrainProportionsScale: 1
  m_Children:
  - {fileID: 5313018226410834129}
  - {fileID: 6224540855793199675}
  - {fileID: 2655238083395775834}
  m_Father: {fileID: 0}
  m_RootOrder: 0
  m_LocalEulerAnglesHint: {x: 0, y: 90, z: 0}
--- !u!95 &5197552472271076532
Animator:
  serializedVersion: 5
  m_ObjectHideFlags: 0
  m_CorrespondingSourceObject: {fileID: 0}
  m_PrefabInstance: {fileID: 0}
  m_PrefabAsset: {fileID: 0}
  m_GameObject: {fileID: 1552218049609088116}
  m_Enabled: 1
  m_Avatar: {fileID: 9000000, guid: 85be4edbd2e2b42a5b1747d8a04da6be, type: 3}
  m_Controller: {fileID: 9100000, guid: 85eca58503f1043499d28ef6a3683ace, type: 2}
  m_CullingMode: 1
  m_UpdateMode: 0
  m_ApplyRootMotion: 1
  m_LinearVelocityBlending: 0
  m_StabilizeFeet: 0
  m_WarningMessage: 
  m_HasTransformHierarchy: 1
  m_AllowConstantClipSamplingOptimization: 1
  m_KeepAnimatorStateOnDisable: 0
  m_WriteDefaultValuesOnDisable: 0
--- !u!114 &9087453705236347167
MonoBehaviour:
  m_ObjectHideFlags: 0
  m_CorrespondingSourceObject: {fileID: 0}
  m_PrefabInstance: {fileID: 0}
  m_PrefabAsset: {fileID: 0}
  m_GameObject: {fileID: 1552218049609088116}
  m_Enabled: 1
  m_EditorHideFlags: 0
  m_Script: {fileID: 11500000, guid: f4865af8fa2382d42b56844ef3a9cbf0, type: 3}
  m_Name: 
  m_EditorClassIdentifier: 
  isHit: 0
  hitBoxes:
  - rect:
      serializedVersion: 2
      x: 0
      y: 0
      width: 4
      height: 4
    defaultVisibility: 1
    followXBounds: 0
    followYBounds: 0
    position: {fileID: 482357829189423236}
    bodyPart: 1
    mappedPosition:
      x:
        _serializedValue: 0
      y:
        _serializedValue: 0
      z:
        _serializedValue: 0
    localPosition:
      x:
        _serializedValue: 0
      y:
        _serializedValue: 0
      z:
        _serializedValue: 0
    shape: 0
    collisionType: 0
    type: 0
    _rect:
      _x:
        _serializedValue: 0
      _y:
        _serializedValue: 0
      topRight:
        x:
          _serializedValue: 0
        y:
          _serializedValue: 0
        z:
          _serializedValue: 0
      topLeft:
        x:
          _serializedValue: 0
        y:
          _serializedValue: 0
        z:
          _serializedValue: 0
      bottomRight:
        x:
          _serializedValue: 0
        y:
          _serializedValue: 0
        z:
          _serializedValue: 0
      bottomLeft:
        x:
          _serializedValue: 0
        y:
          _serializedValue: 0
        z:
          _serializedValue: 0
      width:
        _serializedValue: 0
      height:
        _serializedValue: 0
      xMax:
        _serializedValue: 0
      yMax:
        _serializedValue: 0
    _radius:
      _serializedValue: 2147483648
    _offSet:
      x:
        _serializedValue: 773094144
      y:
        _serializedValue: 1116691456
      z:
        _serializedValue: 0
  - rect:
      serializedVersion: 2
      x: -1.12
      y: -0.24
      width: 2.28
      height: 1.08
    defaultVisibility: 1
    followXBounds: 0
    followYBounds: 0
    position: {fileID: 4838383081626665736}
    bodyPart: 2
    mappedPosition:
      x:
        _serializedValue: 0
      y:
        _serializedValue: 0
      z:
        _serializedValue: 0
    localPosition:
      x:
        _serializedValue: 0
      y:
        _serializedValue: 0
      z:
        _serializedValue: 0
    shape: 1
    collisionType: 0
    type: 0
    _rect:
      _x:
        _serializedValue: -4810363392
      _y:
        _serializedValue: -1030792128
      topRight:
        x:
          _serializedValue: 4982161920
        y:
          _serializedValue: -1030792128
        z:
          _serializedValue: 0
      topLeft:
        x:
          _serializedValue: -4810363392
        y:
          _serializedValue: -1030792128
        z:
          _serializedValue: 0
      bottomRight:
        x:
          _serializedValue: 4982161920
        y:
          _serializedValue: 3607772672
        z:
          _serializedValue: 0
      bottomLeft:
        x:
          _serializedValue: -4810363392
        y:
          _serializedValue: 3607772672
        z:
          _serializedValue: 0
      width:
        _serializedValue: 9792525312
      height:
        _serializedValue: 4638564864
      xMax:
        _serializedValue: 4982161920
      yMax:
        _serializedValue: 3607772672
    _radius:
      _serializedValue: 2147483648
    _offSet:
      x:
        _serializedValue: 0
      y:
        _serializedValue: 0
      z:
        _serializedValue: 0
  - rect:
      serializedVersion: 2
      x: -0.92
      y: -0.37
      width: 1.98
      height: 1.35
    defaultVisibility: 1
    followXBounds: 0
    followYBounds: 0
    position: {fileID: 59892029849836477}
    bodyPart: 3
    mappedPosition:
      x:
        _serializedValue: 0
      y:
        _serializedValue: 0
      z:
        _serializedValue: 0
    localPosition:
      x:
        _serializedValue: 0
      y:
        _serializedValue: 0
      z:
        _serializedValue: 0
    shape: 1
    collisionType: 0
    type: 0
    _rect:
      _x:
        _serializedValue: -3951369984
      _y:
        _serializedValue: -1589137920
      topRight:
        x:
          _serializedValue: 4552665088
        y:
          _serializedValue: -1589137920
        z:
          _serializedValue: 0
      topLeft:
        x:
          _serializedValue: -3951369984
        y:
          _serializedValue: -1589137920
        z:
          _serializedValue: 0
      bottomRight:
        x:
          _serializedValue: 4552665088
        y:
          _serializedValue: 4209068032
        z:
          _serializedValue: 0
      bottomLeft:
        x:
          _serializedValue: -3951369984
        y:
          _serializedValue: 4209068032
        z:
          _serializedValue: 0
      width:
        _serializedValue: 8504035328
      height:
        _serializedValue: 5798205952
      xMax:
        _serializedValue: 4552665088
      yMax:
        _serializedValue: 4209068032
    _radius:
      _serializedValue: 2147483648
    _offSet:
      x:
        _serializedValue: 0
      y:
        _serializedValue: 0
      z:
        _serializedValue: 0
  - rect:
      serializedVersion: 2
      x: 0
      y: 0
      width: 4
      height: 4
    defaultVisibility: 1
    followXBounds: 0
    followYBounds: 0
    position: {fileID: 4470771507163873467}
    bodyPart: 4
    mappedPosition:
      x:
        _serializedValue: 0
      y:
        _serializedValue: 0
      z:
        _serializedValue: 0
    localPosition:
      x:
        _serializedValue: 0
      y:
        _serializedValue: 0
      z:
        _serializedValue: 0
    shape: 0
    collisionType: 1
    type: 1
    _rect:
      _x:
        _serializedValue: 0
      _y:
        _serializedValue: 0
      topRight:
        x:
          _serializedValue: 0
        y:
          _serializedValue: 0
        z:
          _serializedValue: 0
      topLeft:
        x:
          _serializedValue: 0
        y:
          _serializedValue: 0
        z:
          _serializedValue: 0
      bottomRight:
        x:
          _serializedValue: 0
        y:
          _serializedValue: 0
        z:
          _serializedValue: 0
      bottomLeft:
        x:
          _serializedValue: 0
        y:
          _serializedValue: 0
        z:
          _serializedValue: 0
      width:
        _serializedValue: 0
      height:
        _serializedValue: 0
      xMax:
        _serializedValue: 0
      yMax:
        _serializedValue: 0
    _radius:
      _serializedValue: 1717986944
    _offSet:
      x:
        _serializedValue: 128849016
      y:
        _serializedValue: 773094144
      z:
        _serializedValue: 0
  - rect:
      serializedVersion: 2
      x: 0
      y: 0
      width: 4
      height: 4
    defaultVisibility: 1
    followXBounds: 0
    followYBounds: 0
    position: {fileID: 5294225175702122199}
    bodyPart: 5
    mappedPosition:
      x:
        _serializedValue: 0
      y:
        _serializedValue: 0
      z:
        _serializedValue: 0
    localPosition:
      x:
        _serializedValue: 0
      y:
        _serializedValue: 0
      z:
        _serializedValue: 0
    shape: 0
    collisionType: 1
    type: 1
    _rect:
      _x:
        _serializedValue: 0
      _y:
        _serializedValue: 0
      topRight:
        x:
          _serializedValue: 0
        y:
          _serializedValue: 0
        z:
          _serializedValue: 0
      topLeft:
        x:
          _serializedValue: 0
        y:
          _serializedValue: 0
        z:
          _serializedValue: 0
      bottomRight:
        x:
          _serializedValue: 0
        y:
          _serializedValue: 0
        z:
          _serializedValue: 0
      bottomLeft:
        x:
          _serializedValue: 0
        y:
          _serializedValue: 0
        z:
          _serializedValue: 0
      width:
        _serializedValue: 0
      height:
        _serializedValue: 0
      xMax:
        _serializedValue: 0
      yMax:
        _serializedValue: 0
    _radius:
      _serializedValue: 1717986944
    _offSet:
      x:
        _serializedValue: 515396064
      y:
        _serializedValue: 1073741824
      z:
        _serializedValue: 0
  - rect:
      serializedVersion: 2
      x: 0
      y: 0
      width: 4
      height: 4
    defaultVisibility: 1
    followXBounds: 0
    followYBounds: 0
    position: {fileID: 197463196409568444}
    bodyPart: 6
    mappedPosition:
      x:
        _serializedValue: 0
      y:
        _serializedValue: 0
      z:
        _serializedValue: 0
    localPosition:
      x:
        _serializedValue: 0
      y:
        _serializedValue: 0
      z:
        _serializedValue: 0
    shape: 0
    collisionType: 1
    type: 1
    _rect:
      _x:
        _serializedValue: 0
      _y:
        _serializedValue: 0
      topRight:
        x:
          _serializedValue: 0
        y:
          _serializedValue: 0
        z:
          _serializedValue: 0
      topLeft:
        x:
          _serializedValue: 0
        y:
          _serializedValue: 0
        z:
          _serializedValue: 0
      bottomRight:
        x:
          _serializedValue: 0
        y:
          _serializedValue: 0
        z:
          _serializedValue: 0
      bottomLeft:
        x:
          _serializedValue: 0
        y:
          _serializedValue: 0
        z:
          _serializedValue: 0
      width:
        _serializedValue: 0
      height:
        _serializedValue: 0
      xMax:
        _serializedValue: 0
      yMax:
        _serializedValue: 0
    _radius:
      _serializedValue: 1717986944
    _offSet:
      x:
        _serializedValue: 0
      y:
        _serializedValue: 257698032
      z:
        _serializedValue: 0
  - rect:
      serializedVersion: 2
      x: 0
      y: 0
      width: 4
      height: 4
    defaultVisibility: 1
    followXBounds: 0
    followYBounds: 0
    position: {fileID: 5578695438167555440}
    bodyPart: 7
    mappedPosition:
      x:
        _serializedValue: 0
      y:
        _serializedValue: 0
      z:
        _serializedValue: 0
    localPosition:
      x:
        _serializedValue: 0
      y:
        _serializedValue: 0
      z:
        _serializedValue: 0
    shape: 0
    collisionType: 1
    type: 1
    _rect:
      _x:
        _serializedValue: 0
      _y:
        _serializedValue: 0
      topRight:
        x:
          _serializedValue: 0
        y:
          _serializedValue: 0
        z:
          _serializedValue: 0
      topLeft:
        x:
          _serializedValue: 0
        y:
          _serializedValue: 0
        z:
          _serializedValue: 0
      bottomRight:
        x:
          _serializedValue: 0
        y:
          _serializedValue: 0
        z:
          _serializedValue: 0
      bottomLeft:
        x:
          _serializedValue: 0
        y:
          _serializedValue: 0
        z:
          _serializedValue: 0
      width:
        _serializedValue: 0
      height:
        _serializedValue: 0
      xMax:
        _serializedValue: 0
      yMax:
        _serializedValue: 0
    _radius:
      _serializedValue: 1717986944
    _offSet:
      x:
        _serializedValue: 300647712
      y:
        _serializedValue: 515396064
      z:
        _serializedValue: 0
  - rect:
      serializedVersion: 2
      x: 0
      y: 0
      width: 4
      height: 4
    defaultVisibility: 1
    followXBounds: 0
    followYBounds: 0
    position: {fileID: 4005424110249737731}
    bodyPart: 8
    mappedPosition:
      x:
        _serializedValue: 0
      y:
        _serializedValue: 0
      z:
        _serializedValue: 0
    localPosition:
      x:
        _serializedValue: 0
      y:
        _serializedValue: 0
      z:
        _serializedValue: 0
    shape: 0
    collisionType: 2
    type: 0
    _rect:
      _x:
        _serializedValue: 0
      _y:
        _serializedValue: 0
      topRight:
        x:
          _serializedValue: 0
        y:
          _serializedValue: 0
        z:
          _serializedValue: 0
      topLeft:
        x:
          _serializedValue: 0
        y:
          _serializedValue: 0
        z:
          _serializedValue: 0
      bottomRight:
        x:
          _serializedValue: 0
        y:
          _serializedValue: 0
        z:
          _serializedValue: 0
      bottomLeft:
        x:
          _serializedValue: 0
        y:
          _serializedValue: 0
        z:
          _serializedValue: 0
      width:
        _serializedValue: 0
      height:
        _serializedValue: 0
      xMax:
        _serializedValue: 0
      yMax:
        _serializedValue: 0
    _radius:
      _serializedValue: 1717986944
    _offSet:
      x:
        _serializedValue: 257698032
      y:
        _serializedValue: -128849016
      z:
        _serializedValue: 0
  - rect:
      serializedVersion: 2
      x: 0
      y: 0
      width: 4
      height: 4
    defaultVisibility: 1
    followXBounds: 0
    followYBounds: 0
    position: {fileID: 5057265745109569809}
    bodyPart: 9
    mappedPosition:
      x:
        _serializedValue: 0
      y:
        _serializedValue: 0
      z:
        _serializedValue: 0
    localPosition:
      x:
        _serializedValue: 0
      y:
        _serializedValue: 0
      z:
        _serializedValue: 0
    shape: 0
    collisionType: 2
    type: 0
    _rect:
      _x:
        _serializedValue: 0
      _y:
        _serializedValue: 0
      topRight:
        x:
          _serializedValue: 0
        y:
          _serializedValue: 0
        z:
          _serializedValue: 0
      topLeft:
        x:
          _serializedValue: 0
        y:
          _serializedValue: 0
        z:
          _serializedValue: 0
      bottomRight:
        x:
          _serializedValue: 0
        y:
          _serializedValue: 0
        z:
          _serializedValue: 0
      bottomLeft:
        x:
          _serializedValue: 0
        y:
          _serializedValue: 0
        z:
          _serializedValue: 0
      width:
        _serializedValue: 0
      height:
        _serializedValue: 0
      xMax:
        _serializedValue: 0
      yMax:
        _serializedValue: 0
    _radius:
      _serializedValue: 1717986944
    _offSet:
      x:
        _serializedValue: 515396064
      y:
        _serializedValue: 816043776
      z:
        _serializedValue: 0
  - rect:
      serializedVersion: 2
      x: -0.14
      y: -1.59
      width: 1.26
      height: 1.98
    defaultVisibility: 1
    followXBounds: 0
    followYBounds: 0
    position: {fileID: 3546650266993377628}
    bodyPart: 10
    mappedPosition:
      x:
        _serializedValue: 0
      y:
        _serializedValue: 0
      z:
        _serializedValue: 0
    localPosition:
      x:
        _serializedValue: 0
      y:
        _serializedValue: 0
      z:
        _serializedValue: 0
    shape: 1
    collisionType: 0
    type: 1
    _rect:
      _x:
        _serializedValue: -601295424
      _y:
        _serializedValue: -6828998144
      topRight:
        x:
          _serializedValue: 4810363392
        y:
          _serializedValue: -6828998144
        z:
          _serializedValue: 0
      topLeft:
        x:
          _serializedValue: -601295424
        y:
          _serializedValue: -6828998144
        z:
          _serializedValue: 0
      bottomRight:
        x:
          _serializedValue: 4810363392
        y:
          _serializedValue: 1675037184
        z:
          _serializedValue: 0
      bottomLeft:
        x:
          _serializedValue: -601295424
        y:
          _serializedValue: 1675037184
        z:
          _serializedValue: 0
      width:
        _serializedValue: 5411658752
      height:
        _serializedValue: 8504035328
      xMax:
        _serializedValue: 4810363392
      yMax:
        _serializedValue: 1675037184
    _radius:
      _serializedValue: 2147483648
    _offSet:
      x:
        _serializedValue: 0
      y:
        _serializedValue: 0
      z:
        _serializedValue: 0
  - rect:
      serializedVersion: 2
      x: -0.82
      y: -1.62
      width: 1.21
      height: 1.93
    defaultVisibility: 1
    followXBounds: 0
    followYBounds: 0
    position: {fileID: 2484273452153450681}
    bodyPart: 11
    mappedPosition:
      x:
        _serializedValue: 0
      y:
        _serializedValue: 0
      z:
        _serializedValue: 0
    localPosition:
      x:
        _serializedValue: 0
      y:
        _serializedValue: 0
      z:
        _serializedValue: 0
    shape: 1
    collisionType: 0
    type: 1
    _rect:
      _x:
        _serializedValue: -3521873152
      _y:
        _serializedValue: -6957847040
      topRight:
        x:
          _serializedValue: 1675037440
        y:
          _serializedValue: -6957847040
        z:
          _serializedValue: 0
      topLeft:
        x:
          _serializedValue: -3521873152
        y:
          _serializedValue: -6957847040
        z:
          _serializedValue: 0
      bottomRight:
        x:
          _serializedValue: 1675037440
        y:
          _serializedValue: 1331439616
        z:
          _serializedValue: 0
      bottomLeft:
        x:
          _serializedValue: -3521873152
        y:
          _serializedValue: 1331439616
        z:
          _serializedValue: 0
      width:
        _serializedValue: 5196910592
      height:
        _serializedValue: 8289286656
      xMax:
        _serializedValue: 1675037440
      yMax:
        _serializedValue: 1331439616
    _radius:
      _serializedValue: 2147483648
    _offSet:
      x:
        _serializedValue: 0
      y:
        _serializedValue: 0
      z:
        _serializedValue: 0
  - rect:
      serializedVersion: 2
      x: -0.61
      y: -1.6
      width: 1.08
      height: 1.59
    defaultVisibility: 1
    followXBounds: 0
    followYBounds: 0
    position: {fileID: 8961132577358507973}
    bodyPart: 12
    mappedPosition:
      x:
        _serializedValue: 0
      y:
        _serializedValue: 0
      z:
        _serializedValue: 0
    localPosition:
      x:
        _serializedValue: 0
      y:
        _serializedValue: 0
      z:
        _serializedValue: 0
    shape: 1
    collisionType: 0
    type: 1
    _rect:
      _x:
        _serializedValue: -2619930112
      _y:
        _serializedValue: -6871947776
      topRight:
        x:
          _serializedValue: 2018634752
        y:
          _serializedValue: -6871947776
        z:
          _serializedValue: 0
      topLeft:
        x:
          _serializedValue: -2619930112
        y:
          _serializedValue: -6871947776
        z:
          _serializedValue: 0
      bottomRight:
        x:
          _serializedValue: 2018634752
        y:
          _serializedValue: -42949632
        z:
          _serializedValue: 0
      bottomLeft:
        x:
          _serializedValue: -2619930112
        y:
          _serializedValue: -42949632
        z:
          _serializedValue: 0
      width:
        _serializedValue: 4638564864
      height:
        _serializedValue: 6828998144
      xMax:
        _serializedValue: 2018634752
      yMax:
        _serializedValue: -42949632
    _radius:
      _serializedValue: 2147483648
    _offSet:
      x:
        _serializedValue: 0
      y:
        _serializedValue: 0
      z:
        _serializedValue: 0
  - rect:
      serializedVersion: 2
      x: -0.55
      y: -1.6
      width: 0.94
      height: 1.58
    defaultVisibility: 1
    followXBounds: 0
    followYBounds: 0
    position: {fileID: 3127489665592425802}
    bodyPart: 13
    mappedPosition:
      x:
        _serializedValue: 0
      y:
        _serializedValue: 0
      z:
        _serializedValue: 0
    localPosition:
      x:
        _serializedValue: 0
      y:
        _serializedValue: 0
      z:
        _serializedValue: 0
    shape: 1
    collisionType: 0
    type: 1
    _rect:
      _x:
        _serializedValue: -2362232064
      _y:
        _serializedValue: -6871947776
      topRight:
        x:
          _serializedValue: 1675037184
        y:
          _serializedValue: -6871947776
        z:
          _serializedValue: 0
      topLeft:
        x:
          _serializedValue: -2362232064
        y:
          _serializedValue: -6871947776
        z:
          _serializedValue: 0
      bottomRight:
        x:
          _serializedValue: 1675037184
        y:
          _serializedValue: -85899264
        z:
          _serializedValue: 0
      bottomLeft:
        x:
          _serializedValue: -2362232064
        y:
          _serializedValue: -85899264
        z:
          _serializedValue: 0
      width:
        _serializedValue: 4037269248
      height:
        _serializedValue: 6786048512
      xMax:
        _serializedValue: 1675037184
      yMax:
        _serializedValue: -85899264
    _radius:
      _serializedValue: 2147483648
    _offSet:
      x:
        _serializedValue: 0
      y:
        _serializedValue: 0
      z:
        _serializedValue: 0
  - rect:
      serializedVersion: 2
      x: 0
      y: 0
      width: 4
      height: 4
    defaultVisibility: 1
    followXBounds: 0
    followYBounds: 0
    position: {fileID: 2879872372901616705}
    bodyPart: 14
    mappedPosition:
      x:
        _serializedValue: 0
      y:
        _serializedValue: 0
      z:
        _serializedValue: 0
    localPosition:
      x:
        _serializedValue: 0
      y:
        _serializedValue: 0
      z:
        _serializedValue: 0
    shape: 0
    collisionType: 0
    type: 1
    _rect:
      _x:
        _serializedValue: 0
      _y:
        _serializedValue: 0
      topRight:
        x:
          _serializedValue: 0
        y:
          _serializedValue: 0
        z:
          _serializedValue: 0
      topLeft:
        x:
          _serializedValue: 0
        y:
          _serializedValue: 0
        z:
          _serializedValue: 0
      bottomRight:
        x:
          _serializedValue: 0
        y:
          _serializedValue: 0
        z:
          _serializedValue: 0
      bottomLeft:
        x:
          _serializedValue: 0
        y:
          _serializedValue: 0
        z:
          _serializedValue: 0
      width:
        _serializedValue: 0
      height:
        _serializedValue: 0
      xMax:
        _serializedValue: 0
      yMax:
        _serializedValue: 0
    _radius:
      _serializedValue: 2147483648
    _offSet:
      x:
        _serializedValue: 987842496
      y:
        _serializedValue: -2405181696
      z:
        _serializedValue: 0
  - rect:
      serializedVersion: 2
      x: 0
      y: 0
      width: 4
      height: 4
    defaultVisibility: 1
    followXBounds: 0
    followYBounds: 0
    position: {fileID: 6817818532046709607}
    bodyPart: 15
    mappedPosition:
      x:
        _serializedValue: 0
      y:
        _serializedValue: 0
      z:
        _serializedValue: 0
    localPosition:
      x:
        _serializedValue: 0
      y:
        _serializedValue: 0
      z:
        _serializedValue: 0
    shape: 0
    collisionType: 0
    type: 1
    _rect:
      _x:
        _serializedValue: 0
      _y:
        _serializedValue: 0
      topRight:
        x:
          _serializedValue: 0
        y:
          _serializedValue: 0
        z:
          _serializedValue: 0
      topLeft:
        x:
          _serializedValue: 0
        y:
          _serializedValue: 0
        z:
          _serializedValue: 0
      bottomRight:
        x:
          _serializedValue: 0
        y:
          _serializedValue: 0
        z:
          _serializedValue: 0
      bottomLeft:
        x:
          _serializedValue: 0
        y:
          _serializedValue: 0
        z:
          _serializedValue: 0
      width:
        _serializedValue: 0
      height:
        _serializedValue: 0
      xMax:
        _serializedValue: 0
      yMax:
        _serializedValue: 0
    _radius:
      _serializedValue: 2147483648
    _offSet:
      x:
        _serializedValue: 128849016
      y:
        _serializedValue: -2104534016
      z:
        _serializedValue: 0
  - rect:
      serializedVersion: 2
      x: -1
      y: -1.63
      width: 2.46
      height: 3.93
    defaultVisibility: 1
    followXBounds: 0
    followYBounds: 0
    position: {fileID: 530387680624958871}
    bodyPart: 0
    mappedPosition:
      x:
        _serializedValue: 0
      y:
        _serializedValue: 0
      z:
        _serializedValue: 0
    localPosition:
      x:
        _serializedValue: 0
      y:
        _serializedValue: 0
      z:
        _serializedValue: 0
    shape: 1
    collisionType: 3
    type: 0
    _rect:
      _x:
        _serializedValue: -4294967296
      _y:
        _serializedValue: -7000796672
      topRight:
        x:
          _serializedValue: 6270652416
        y:
          _serializedValue: -7000796672
        z:
          _serializedValue: 0
      topLeft:
        x:
          _serializedValue: -4294967296
        y:
          _serializedValue: -7000796672
        z:
          _serializedValue: 0
      bottomRight:
        x:
          _serializedValue: 6270652416
        y:
          _serializedValue: 9878425600
        z:
          _serializedValue: 0
      bottomLeft:
        x:
          _serializedValue: -4294967296
        y:
          _serializedValue: 9878425600
        z:
          _serializedValue: 0
      width:
        _serializedValue: 10565619712
      height:
        _serializedValue: 16879221760
      xMax:
        _serializedValue: 6270652416
      yMax:
        _serializedValue: 9878425600
    _radius:
      _serializedValue: 2147483648
    _offSet:
      x:
        _serializedValue: 0
      y:
        _serializedValue: 0
      z:
        _serializedValue: 0
  activeHurtBoxes: []
  blockableArea:
    enabled: 1
    activeFramesBegin: 0
    activeFramesEnds: 0
    bodyPart: 0
    hitBoxDefinitionIndex: 0
    shape: 0
    rect:
      serializedVersion: 2
      x: 0
      y: 0
      width: 4
      height: 4
    _rect:
      _x:
        _serializedValue: 0
      _y:
        _serializedValue: 0
      topRight:
        x:
          _serializedValue: 0
        y:
          _serializedValue: 0
        z:
          _serializedValue: 0
      topLeft:
        x:
          _serializedValue: 0
        y:
          _serializedValue: 0
        z:
          _serializedValue: 0
      bottomRight:
        x:
          _serializedValue: 0
        y:
          _serializedValue: 0
        z:
          _serializedValue: 0
      bottomLeft:
        x:
          _serializedValue: 0
        y:
          _serializedValue: 0
        z:
          _serializedValue: 0
      width:
        _serializedValue: 0
      height:
        _serializedValue: 0
      xMax:
        _serializedValue: 0
      yMax:
        _serializedValue: 0
    followXBounds: 0
    followYBounds: 0
    _radius:
      _serializedValue: 2147483648
    _offSet:
      x:
        _serializedValue: 0
      y:
        _serializedValue: 0
      z:
        _serializedValue: 0
    cuboidMin:
      x:
        _serializedValue: 0
      y:
        _serializedValue: 0
      z:
        _serializedValue: 0
    cuboidMax:
      x:
        _serializedValue: 0
      y:
        _serializedValue: 0
      z:
        _serializedValue: 0
    position:
      x:
        _serializedValue: 0
      y:
        _serializedValue: 0
      z:
        _serializedValue: 0
  hitConfirmType: 0
  collisionBoxSize:
    _serializedValue: 8589934592
  inverted: 0
  bakeSpeed: 0
  deltaPosition:
    x:
      _serializedValue: 0
    y:
      _serializedValue: 0
    z:
      _serializedValue: 0
  animationMaps: []
  controlsScript: {fileID: 0}
  previewInvertRotation: 0
  previewMirror: 0
  autoHitBoxes: []
  rectangleHitBoxLocationTest: 0
  rectTexture: {fileID: 0}
  moveSetScript: {fileID: 0}
  previewAllBoxes: 0
  customHitBoxes: {fileID: 0}
--- !u!1 &1568343404021777597
GameObject:
  m_ObjectHideFlags: 0
  m_CorrespondingSourceObject: {fileID: 0}
  m_PrefabInstance: {fileID: 0}
  m_PrefabAsset: {fileID: 0}
  serializedVersion: 6
  m_Component:
  - component: {fileID: 3127489665592425802}
  m_Layer: 0
  m_Name: calf_r
  m_TagString: Untagged
  m_Icon: {fileID: 0}
  m_NavMeshLayer: 0
  m_StaticEditorFlags: 0
  m_IsActive: 1
--- !u!4 &3127489665592425802
Transform:
  m_ObjectHideFlags: 0
  m_CorrespondingSourceObject: {fileID: 0}
  m_PrefabInstance: {fileID: 0}
  m_PrefabAsset: {fileID: 0}
  m_GameObject: {fileID: 1568343404021777597}
  m_LocalRotation: {x: -0.12207582, y: -0.010972674, z: 0.25865048, w: 0.9581634}
  m_LocalPosition: {x: -0.42572248, y: -0.000000016093253, z: 0.000000019073486}
  m_LocalScale: {x: 1, y: 1.0000001, z: 1}
  m_ConstrainProportionsScale: 0
  m_Children:
  - {fileID: 6817818532046709607}
  m_Father: {fileID: 2484273452153450681}
  m_RootOrder: 0
  m_LocalEulerAnglesHint: {x: 0, y: 0, z: 0}
--- !u!1 &1869002436276576299
GameObject:
  m_ObjectHideFlags: 0
  m_CorrespondingSourceObject: {fileID: 0}
  m_PrefabInstance: {fileID: 0}
  m_PrefabAsset: {fileID: 0}
  serializedVersion: 6
  m_Component:
  - component: {fileID: 8605453015329707673}
  m_Layer: 0
  m_Name: B_Jaw
  m_TagString: Untagged
  m_Icon: {fileID: 0}
  m_NavMeshLayer: 0
  m_StaticEditorFlags: 0
  m_IsActive: 1
--- !u!4 &8605453015329707673
Transform:
  m_ObjectHideFlags: 0
  m_CorrespondingSourceObject: {fileID: 0}
  m_PrefabInstance: {fileID: 0}
  m_PrefabAsset: {fileID: 0}
  m_GameObject: {fileID: 1869002436276576299}
  m_LocalRotation: {x: 0.000000086134484, y: 0.00000015642372, z: 0.87597597, w: 0.4823548}
  m_LocalPosition: {x: -0.02177124, y: -0.06267132, z: 0.00000015258789}
  m_LocalScale: {x: 0.99999976, y: 0.99999976, z: 1}
  m_ConstrainProportionsScale: 0
  m_Children: []
  m_Father: {fileID: 482357829189423236}
  m_RootOrder: 0
  m_LocalEulerAnglesHint: {x: 0, y: 0, z: 0}
--- !u!1 &1907810467693030497
GameObject:
  m_ObjectHideFlags: 0
  m_CorrespondingSourceObject: {fileID: 0}
  m_PrefabInstance: {fileID: 0}
  m_PrefabAsset: {fileID: 0}
  serializedVersion: 6
  m_Component:
  - component: {fileID: 2879872372901616705}
  m_Layer: 0
  m_Name: foot_l
  m_TagString: Untagged
  m_Icon: {fileID: 0}
  m_NavMeshLayer: 0
  m_StaticEditorFlags: 0
  m_IsActive: 1
--- !u!4 &2879872372901616705
Transform:
  m_ObjectHideFlags: 0
  m_CorrespondingSourceObject: {fileID: 0}
  m_PrefabInstance: {fileID: 0}
  m_PrefabAsset: {fileID: 0}
  m_GameObject: {fileID: 1907810467693030497}
  m_LocalRotation: {x: -0.0760063, y: 0.027430318, z: 0.037707116, w: 0.9960165}
  m_LocalPosition: {x: 0.401967, y: 0, z: -0.000000019073486}
  m_LocalScale: {x: 1.0000001, y: 0.9999999, z: 1.0000001}
  m_ConstrainProportionsScale: 0
  m_Children:
  - {fileID: 1761296234290176139}
  m_Father: {fileID: 8961132577358507973}
  m_RootOrder: 0
  m_LocalEulerAnglesHint: {x: 0, y: 0, z: 0}
--- !u!1 &2018349938333974047
GameObject:
  m_ObjectHideFlags: 0
  m_CorrespondingSourceObject: {fileID: 0}
  m_PrefabInstance: {fileID: 0}
  m_PrefabAsset: {fileID: 0}
  serializedVersion: 6
  m_Component:
  - component: {fileID: 4329010832441045772}
  m_Layer: 0
  m_Name: ring_01_r
  m_TagString: Untagged
  m_Icon: {fileID: 0}
  m_NavMeshLayer: 0
  m_StaticEditorFlags: 0
  m_IsActive: 1
--- !u!4 &4329010832441045772
Transform:
  m_ObjectHideFlags: 0
  m_CorrespondingSourceObject: {fileID: 0}
  m_PrefabInstance: {fileID: 0}
  m_PrefabAsset: {fileID: 0}
  m_GameObject: {fileID: 2018349938333974047}
  m_LocalRotation: {x: -0.10246094, y: -0.19446261, z: -0.76129013, w: 0.6100192}
  m_LocalPosition: {x: 0.09153381, y: -0.01558731, z: -0.027992839}
  m_LocalScale: {x: 0.99999994, y: 1, z: 0.99999994}
  m_ConstrainProportionsScale: 0
  m_Children:
  - {fileID: 6901062277110784187}
  m_Father: {fileID: 5057265745109569809}
  m_RootOrder: 3
  m_LocalEulerAnglesHint: {x: 0, y: 0, z: 0}
--- !u!1 &2059273858825129250
GameObject:
  m_ObjectHideFlags: 0
  m_CorrespondingSourceObject: {fileID: 0}
  m_PrefabInstance: {fileID: 0}
  m_PrefabAsset: {fileID: 0}
  serializedVersion: 6
  m_Component:
  - component: {fileID: 4547795886127896936}
  m_Layer: 0
  m_Name: ring_02_l
  m_TagString: Untagged
  m_Icon: {fileID: 0}
  m_NavMeshLayer: 0
  m_StaticEditorFlags: 0
  m_IsActive: 1
--- !u!4 &4547795886127896936
Transform:
  m_ObjectHideFlags: 0
  m_CorrespondingSourceObject: {fileID: 0}
  m_PrefabInstance: {fileID: 0}
  m_PrefabAsset: {fileID: 0}
  m_GameObject: {fileID: 2059273858825129250}
  m_LocalRotation: {x: -0.04949268, y: -0.123902194, z: -0.7439763, w: 0.6547504}
  m_LocalPosition: {x: -0.039436493, y: -0.0037426758, z: 0.0042142295}
  m_LocalScale: {x: 1, y: 1, z: 1}
  m_ConstrainProportionsScale: 0
  m_Children:
  - {fileID: 250674966421104439}
  m_Father: {fileID: 2089668071552566770}
  m_RootOrder: 0
  m_LocalEulerAnglesHint: {x: 0, y: 0, z: 0}
--- !u!1 &2068214068319040233
GameObject:
  m_ObjectHideFlags: 0
  m_CorrespondingSourceObject: {fileID: 0}
  m_PrefabInstance: {fileID: 0}
  m_PrefabAsset: {fileID: 0}
  serializedVersion: 6
  m_Component:
  - component: {fileID: 5073642353495242796}
  m_Layer: 0
  m_Name: clavicle_r
  m_TagString: Untagged
  m_Icon: {fileID: 0}
  m_NavMeshLayer: 0
  m_StaticEditorFlags: 0
  m_IsActive: 1
--- !u!4 &5073642353495242796
Transform:
  m_ObjectHideFlags: 0
  m_CorrespondingSourceObject: {fileID: 0}
  m_PrefabInstance: {fileID: 0}
  m_PrefabAsset: {fileID: 0}
  m_GameObject: {fileID: 2068214068319040233}
  m_LocalRotation: {x: 0.7772291, y: 0.23426995, z: 0.5772419, w: 0.08845548}
  m_LocalPosition: {x: -0.11883758, y: -0.027321033, z: 0.037820026}
  m_LocalScale: {x: 1, y: 1.0000001, z: 1}
  m_ConstrainProportionsScale: 0
  m_Children:
  - {fileID: 5294225175702122199}
  m_Father: {fileID: 4838383081626665736}
  m_RootOrder: 1
  m_LocalEulerAnglesHint: {x: 0, y: 0, z: 0}
--- !u!1 &2129767859643504066
GameObject:
  m_ObjectHideFlags: 0
  m_CorrespondingSourceObject: {fileID: 0}
  m_PrefabInstance: {fileID: 0}
  m_PrefabAsset: {fileID: 0}
  serializedVersion: 6
  m_Component:
  - component: {fileID: 2215582404635727278}
  m_Layer: 0
  m_Name: pinky_02_r
  m_TagString: Untagged
  m_Icon: {fileID: 0}
  m_NavMeshLayer: 0
  m_StaticEditorFlags: 0
  m_IsActive: 1
--- !u!4 &2215582404635727278
Transform:
  m_ObjectHideFlags: 0
  m_CorrespondingSourceObject: {fileID: 0}
  m_PrefabInstance: {fileID: 0}
  m_PrefabAsset: {fileID: 0}
  m_GameObject: {fileID: 2129767859643504066}
  m_LocalRotation: {x: -0.081325404, y: -0.025618238, z: -0.70062065, w: 0.7084213}
  m_LocalPosition: {x: 0.027100028, y: -0.0030917358, z: -0.004362526}
  m_LocalScale: {x: 0.99999994, y: 1, z: 0.99999994}
  m_ConstrainProportionsScale: 0
  m_Children:
  - {fileID: 8484654315232701674}
  m_Father: {fileID: 6638656509004705772}
  m_RootOrder: 0
  m_LocalEulerAnglesHint: {x: 0, y: 0, z: 0}
--- !u!1 &2434696154732749278
GameObject:
  m_ObjectHideFlags: 0
  m_CorrespondingSourceObject: {fileID: 0}
  m_PrefabInstance: {fileID: 0}
  m_PrefabAsset: {fileID: 0}
  serializedVersion: 6
  m_Component:
  - component: {fileID: 2655238083395775834}
  m_Layer: 0
  m_Name: root
  m_TagString: Untagged
  m_Icon: {fileID: 0}
  m_NavMeshLayer: 0
  m_StaticEditorFlags: 0
  m_IsActive: 1
--- !u!4 &2655238083395775834
Transform:
  m_ObjectHideFlags: 0
  m_CorrespondingSourceObject: {fileID: 0}
  m_PrefabInstance: {fileID: 0}
  m_PrefabAsset: {fileID: 0}
  m_GameObject: {fileID: 2434696154732749278}
  m_LocalRotation: {x: -0.6188635, y: 0.36744505, z: 0.46520305, w: 0.5153428}
  m_LocalPosition: {x: 0.24438548, y: 0.04023964, z: 0.036108933}
  m_LocalScale: {x: 1, y: 1, z: 1}
  m_ConstrainProportionsScale: 0
  m_Children:
  - {fileID: 530387680624958871}
  m_Father: {fileID: 2216130260856366798}
  m_RootOrder: 2
  m_LocalEulerAnglesHint: {x: 0, y: 0, z: 0}
--- !u!1 &2479794898102377974
GameObject:
  m_ObjectHideFlags: 0
  m_CorrespondingSourceObject: {fileID: 0}
  m_PrefabInstance: {fileID: 0}
  m_PrefabAsset: {fileID: 0}
  serializedVersion: 6
  m_Component:
  - component: {fileID: 2465831361115483999}
  m_Layer: 0
  m_Name: middle_02_l
  m_TagString: Untagged
  m_Icon: {fileID: 0}
  m_NavMeshLayer: 0
  m_StaticEditorFlags: 0
  m_IsActive: 1
--- !u!4 &2465831361115483999
Transform:
  m_ObjectHideFlags: 0
  m_CorrespondingSourceObject: {fileID: 0}
  m_PrefabInstance: {fileID: 0}
  m_PrefabAsset: {fileID: 0}
  m_GameObject: {fileID: 2479794898102377974}
  m_LocalRotation: {x: -0.037734397, y: -0.2874072, z: -0.7287659, w: 0.62038183}
  m_LocalPosition: {x: -0.047303237, y: -0.0031088255, z: 0.0040925215}
  m_LocalScale: {x: 1.0000001, y: 1, z: 0.99999994}
  m_ConstrainProportionsScale: 0
  m_Children:
  - {fileID: 8469305311475935974}
  m_Father: {fileID: 6107835368578056898}
  m_RootOrder: 0
  m_LocalEulerAnglesHint: {x: 0, y: 0, z: 0}
--- !u!1 &2810458512134288249
GameObject:
  m_ObjectHideFlags: 0
  m_CorrespondingSourceObject: {fileID: 0}
  m_PrefabInstance: {fileID: 0}
  m_PrefabAsset: {fileID: 0}
  serializedVersion: 6
  m_Component:
  - component: {fileID: 7769916161611183734}
  m_Layer: 0
  m_Name: ball_r
  m_TagString: Untagged
  m_Icon: {fileID: 0}
  m_NavMeshLayer: 0
  m_StaticEditorFlags: 0
  m_IsActive: 1
--- !u!4 &7769916161611183734
Transform:
  m_ObjectHideFlags: 0
  m_CorrespondingSourceObject: {fileID: 0}
  m_PrefabInstance: {fileID: 0}
  m_PrefabAsset: {fileID: 0}
  m_GameObject: {fileID: 2810458512134288249}
  m_LocalRotation: {x: 0.00008007933, y: -0.000029590274, z: 0.7186339, w: 0.6953886}
  m_LocalPosition: {x: -0.10453817, y: 0.16577797, z: -0.00080156326}
  m_LocalScale: {x: 1, y: 1.0000001, z: 1.0000001}
  m_ConstrainProportionsScale: 0
  m_Children: []
  m_Father: {fileID: 6817818532046709607}
  m_RootOrder: 0
  m_LocalEulerAnglesHint: {x: 0, y: 0, z: 0}
--- !u!1 &2836618798306066311
GameObject:
  m_ObjectHideFlags: 0
  m_CorrespondingSourceObject: {fileID: 0}
  m_PrefabInstance: {fileID: 0}
  m_PrefabAsset: {fileID: 0}
  serializedVersion: 6
  m_Component:
  - component: {fileID: 59892029849836477}
  m_Layer: 0
  m_Name: spine_01
  m_TagString: Untagged
  m_Icon: {fileID: 0}
  m_NavMeshLayer: 0
  m_StaticEditorFlags: 0
  m_IsActive: 1
--- !u!4 &59892029849836477
Transform:
  m_ObjectHideFlags: 0
  m_CorrespondingSourceObject: {fileID: 0}
  m_PrefabInstance: {fileID: 0}
  m_PrefabAsset: {fileID: 0}
  m_GameObject: {fileID: 2836618798306066311}
  m_LocalRotation: {x: 0.026970081, y: -0.007850037, z: 0.09149193, w: 0.9954096}
  m_LocalPosition: {x: -0.10808876, y: -0.00851415, z: 6.366463e-14}
  m_LocalScale: {x: 1, y: 1, z: 1}
  m_ConstrainProportionsScale: 0
  m_Children:
  - {fileID: 685426505516148583}
  m_Father: {fileID: 530387680624958871}
  m_RootOrder: 0
  m_LocalEulerAnglesHint: {x: 0, y: 0, z: 0}
--- !u!1 &2916071494334561948
GameObject:
  m_ObjectHideFlags: 0
  m_CorrespondingSourceObject: {fileID: 0}
  m_PrefabInstance: {fileID: 0}
  m_PrefabAsset: {fileID: 0}
  serializedVersion: 6
  m_Component:
  - component: {fileID: 482357829189423236}
  m_Layer: 0
  m_Name: head
  m_TagString: Untagged
  m_Icon: {fileID: 0}
  m_NavMeshLayer: 0
  m_StaticEditorFlags: 0
  m_IsActive: 1
--- !u!4 &482357829189423236
Transform:
  m_ObjectHideFlags: 0
  m_CorrespondingSourceObject: {fileID: 0}
  m_PrefabInstance: {fileID: 0}
  m_PrefabAsset: {fileID: 0}
  m_GameObject: {fileID: 2916071494334561948}
  m_LocalRotation: {x: 0.30466738, y: -0.06205073, z: -0.16595873, w: 0.93583393}
  m_LocalPosition: {x: -0.09283615, y: 0.003641548, z: 0}
  m_LocalScale: {x: 1, y: 1, z: 1}
  m_ConstrainProportionsScale: 0
  m_Children:
  - {fileID: 8605453015329707673}
  m_Father: {fileID: 2687793713537302928}
  m_RootOrder: 0
  m_LocalEulerAnglesHint: {x: 0, y: 0, z: 0}
--- !u!1 &3229284398722339152
GameObject:
  m_ObjectHideFlags: 0
  m_CorrespondingSourceObject: {fileID: 0}
  m_PrefabInstance: {fileID: 0}
  m_PrefabAsset: {fileID: 0}
  serializedVersion: 6
  m_Component:
  - component: {fileID: 8645526109471900650}
  m_Layer: 0
  m_Name: middle_01_r
  m_TagString: Untagged
  m_Icon: {fileID: 0}
  m_NavMeshLayer: 0
  m_StaticEditorFlags: 0
  m_IsActive: 1
--- !u!4 &8645526109471900650
Transform:
  m_ObjectHideFlags: 0
  m_CorrespondingSourceObject: {fileID: 0}
  m_PrefabInstance: {fileID: 0}
  m_PrefabAsset: {fileID: 0}
  m_GameObject: {fileID: 3229284398722339152}
  m_LocalRotation: {x: -0.013242114, y: -0.273094, z: -0.732361, w: 0.6236118}
  m_LocalPosition: {x: 0.10244598, y: -0.0024653624, z: -0.0044400403}
  m_LocalScale: {x: 0.9999998, y: 0.99999994, z: 0.99999994}
  m_ConstrainProportionsScale: 0
  m_Children:
  - {fileID: 4603628756676971617}
  m_Father: {fileID: 5057265745109569809}
  m_RootOrder: 1
  m_LocalEulerAnglesHint: {x: 0, y: 0, z: 0}
--- !u!1 &3570668021809060821
GameObject:
  m_ObjectHideFlags: 0
  m_CorrespondingSourceObject: {fileID: 0}
  m_PrefabInstance: {fileID: 0}
  m_PrefabAsset: {fileID: 0}
  serializedVersion: 6
  m_Component:
  - component: {fileID: 5849111745441843672}
  m_Layer: 0
  m_Name: thumb_03_l
  m_TagString: Untagged
  m_Icon: {fileID: 0}
  m_NavMeshLayer: 0
  m_StaticEditorFlags: 0
  m_IsActive: 1
--- !u!4 &5849111745441843672
Transform:
  m_ObjectHideFlags: 0
  m_CorrespondingSourceObject: {fileID: 0}
  m_PrefabInstance: {fileID: 0}
  m_PrefabAsset: {fileID: 0}
  m_GameObject: {fileID: 3570668021809060821}
  m_LocalRotation: {x: 0.021428678, y: -0.0015096884, z: 0.090574786, w: 0.995658}
  m_LocalPosition: {x: -0.041468732, y: -0.006799507, z: -0.0017620849}
  m_LocalScale: {x: 1, y: 1.0000001, z: 1.0000001}
  m_ConstrainProportionsScale: 0
  m_Children: []
  m_Father: {fileID: 6791769447330636045}
  m_RootOrder: 0
  m_LocalEulerAnglesHint: {x: 0, y: 0, z: 0}
--- !u!1 &3780428968083500515
GameObject:
  m_ObjectHideFlags: 0
  m_CorrespondingSourceObject: {fileID: 0}
  m_PrefabInstance: {fileID: 0}
  m_PrefabAsset: {fileID: 0}
  serializedVersion: 6
  m_Component:
  - component: {fileID: 7666909636692350905}
  m_Layer: 0
  m_Name: thumb_03_r
  m_TagString: Untagged
  m_Icon: {fileID: 0}
  m_NavMeshLayer: 0
  m_StaticEditorFlags: 0
  m_IsActive: 1
--- !u!4 &7666909636692350905
Transform:
  m_ObjectHideFlags: 0
  m_CorrespondingSourceObject: {fileID: 0}
  m_PrefabInstance: {fileID: 0}
  m_PrefabAsset: {fileID: 0}
  m_GameObject: {fileID: 3780428968083500515}
  m_LocalRotation: {x: 0.022340158, y: -0.010556846, z: 0.10774657, w: 0.99387133}
  m_LocalPosition: {x: 0.04146881, y: 0.006799469, z: 0.0017619324}
  m_LocalScale: {x: 1, y: 1.0000001, z: 1}
  m_ConstrainProportionsScale: 0
  m_Children: []
  m_Father: {fileID: 1373464268755126404}
  m_RootOrder: 0
  m_LocalEulerAnglesHint: {x: 0, y: 0, z: 0}
--- !u!1 &3781315410331310922
GameObject:
  m_ObjectHideFlags: 0
  m_CorrespondingSourceObject: {fileID: 0}
  m_PrefabInstance: {fileID: 0}
  m_PrefabAsset: {fileID: 0}
  serializedVersion: 6
  m_Component:
  - component: {fileID: 530387680624958871}
  m_Layer: 0
  m_Name: pelvis
  m_TagString: Untagged
  m_Icon: {fileID: 0}
  m_NavMeshLayer: 0
  m_StaticEditorFlags: 0
  m_IsActive: 1
--- !u!4 &530387680624958871
Transform:
  m_ObjectHideFlags: 0
  m_CorrespondingSourceObject: {fileID: 0}
  m_PrefabInstance: {fileID: 0}
  m_PrefabAsset: {fileID: 0}
  m_GameObject: {fileID: 3781315410331310922}
  m_LocalRotation: {x: 0.001285336, y: 0.7071056, z: 0.001285336, w: 0.70710564}
  m_LocalPosition: {x: -1.3536842e-30, y: 0.010561532, z: 0.967506}
  m_LocalScale: {x: 1, y: 1, z: 1}
  m_ConstrainProportionsScale: 0
  m_Children:
  - {fileID: 59892029849836477}
  - {fileID: 3546650266993377628}
  - {fileID: 2484273452153450681}
  m_Father: {fileID: 2655238083395775834}
  m_RootOrder: 0
  m_LocalEulerAnglesHint: {x: 0, y: 0, z: 0}
--- !u!1 &4015335987520499290
GameObject:
  m_ObjectHideFlags: 0
  m_CorrespondingSourceObject: {fileID: 0}
  m_PrefabInstance: {fileID: 0}
  m_PrefabAsset: {fileID: 0}
  serializedVersion: 6
  m_Component:
  - component: {fileID: 6673924438689500149}
  m_Layer: 0
  m_Name: index_02_l
  m_TagString: Untagged
  m_Icon: {fileID: 0}
  m_NavMeshLayer: 0
  m_StaticEditorFlags: 0
  m_IsActive: 1
--- !u!4 &6673924438689500149
Transform:
  m_ObjectHideFlags: 0
  m_CorrespondingSourceObject: {fileID: 0}
  m_PrefabInstance: {fileID: 0}
  m_PrefabAsset: {fileID: 0}
  m_GameObject: {fileID: 4015335987520499290}
  m_LocalRotation: {x: 0.12376961, y: -0.38954446, z: -0.57209295, w: 0.7110878}
  m_LocalPosition: {x: -0.03587147, y: -0.01336502, z: 0.000786972}
  m_LocalScale: {x: 1.0000001, y: 1, z: 1.0000001}
  m_ConstrainProportionsScale: 0
  m_Children:
  - {fileID: 5871492542218098087}
  m_Father: {fileID: 7745192995665327294}
  m_RootOrder: 0
  m_LocalEulerAnglesHint: {x: 0, y: 0, z: 0}
--- !u!1 &4046240757752419327
GameObject:
  m_ObjectHideFlags: 0
  m_CorrespondingSourceObject: {fileID: 0}
  m_PrefabInstance: {fileID: 0}
  m_PrefabAsset: {fileID: 0}
  serializedVersion: 6
  m_Component:
  - component: {fileID: 8961132577358507973}
  m_Layer: 0
  m_Name: calf_l
  m_TagString: Untagged
  m_Icon: {fileID: 0}
  m_NavMeshLayer: 0
  m_StaticEditorFlags: 0
  m_IsActive: 1
--- !u!4 &8961132577358507973
Transform:
  m_ObjectHideFlags: 0
  m_CorrespondingSourceObject: {fileID: 0}
  m_PrefabInstance: {fileID: 0}
  m_PrefabAsset: {fileID: 0}
  m_GameObject: {fileID: 4046240757752419327}
  m_LocalRotation: {x: -0.123277806, y: -0.011017398, z: 0.33674917, w: 0.9334245}
  m_LocalPosition: {x: 0.42572033, y: 0.0000000035762786, z: 0.000000038146972}
  m_LocalScale: {x: 1, y: 1, z: 1}
  m_ConstrainProportionsScale: 0
  m_Children:
  - {fileID: 2879872372901616705}
  m_Father: {fileID: 3546650266993377628}
  m_RootOrder: 0
  m_LocalEulerAnglesHint: {x: 0, y: 0, z: 0}
--- !u!1 &4202306855469202607
GameObject:
  m_ObjectHideFlags: 0
  m_CorrespondingSourceObject: {fileID: 0}
  m_PrefabInstance: {fileID: 0}
  m_PrefabAsset: {fileID: 0}
  serializedVersion: 6
  m_Component:
  - component: {fileID: 4838383081626665736}
  m_Layer: 0
  m_Name: spine_03
  m_TagString: Untagged
  m_Icon: {fileID: 0}
  m_NavMeshLayer: 0
  m_StaticEditorFlags: 0
  m_IsActive: 1
--- !u!4 &4838383081626665736
Transform:
  m_ObjectHideFlags: 0
  m_CorrespondingSourceObject: {fileID: 0}
  m_PrefabInstance: {fileID: 0}
  m_PrefabAsset: {fileID: 0}
  m_GameObject: {fileID: 4202306855469202607}
  m_LocalRotation: {x: 0.04047548, y: 0.03063077, z: 0.03498263, w: 0.9980981}
  m_LocalPosition: {x: -0.13407294, y: 0.004204769, z: -1.8189894e-14}
  m_LocalScale: {x: 1.0000001, y: 1.0000001, z: 1}
  m_ConstrainProportionsScale: 0
  m_Children:
  - {fileID: 1395828153400145554}
  - {fileID: 5073642353495242796}
  - {fileID: 2687793713537302928}
  m_Father: {fileID: 685426505516148583}
  m_RootOrder: 0
  m_LocalEulerAnglesHint: {x: 0, y: 0, z: 0}
--- !u!1 &4249830767733580448
GameObject:
  m_ObjectHideFlags: 0
  m_CorrespondingSourceObject: {fileID: 0}
  m_PrefabInstance: {fileID: 0}
  m_PrefabAsset: {fileID: 0}
  serializedVersion: 6
  m_Component:
  - component: {fileID: 4603703110766834399}
  m_Layer: 0
  m_Name: thumb_01_r
  m_TagString: Untagged
  m_Icon: {fileID: 0}
  m_NavMeshLayer: 0
  m_StaticEditorFlags: 0
  m_IsActive: 1
--- !u!4 &4603703110766834399
Transform:
  m_ObjectHideFlags: 0
  m_CorrespondingSourceObject: {fileID: 0}
  m_PrefabInstance: {fileID: 0}
  m_PrefabAsset: {fileID: 0}
  m_GameObject: {fileID: 4249830767733580448}
  m_LocalRotation: {x: 0.7649759, y: -0.32244918, z: 0.0136993695, w: 0.5573604}
  m_LocalPosition: {x: 0.035058364, y: -0.014497528, z: 0.050977744}
  m_LocalScale: {x: 0.9999999, y: 0.9999999, z: 0.9999999}
  m_ConstrainProportionsScale: 0
  m_Children:
  - {fileID: 1373464268755126404}
  m_Father: {fileID: 5057265745109569809}
  m_RootOrder: 4
  m_LocalEulerAnglesHint: {x: 0, y: 0, z: 0}
--- !u!1 &4265436660956491798
GameObject:
  m_ObjectHideFlags: 0
  m_CorrespondingSourceObject: {fileID: 0}
  m_PrefabInstance: {fileID: 0}
  m_PrefabAsset: {fileID: 0}
  serializedVersion: 6
  m_Component:
  - component: {fileID: 5578695438167555440}
  m_Layer: 0
  m_Name: lowerarm_r
  m_TagString: Untagged
  m_Icon: {fileID: 0}
  m_NavMeshLayer: 0
  m_StaticEditorFlags: 0
  m_IsActive: 1
--- !u!4 &5578695438167555440
Transform:
  m_ObjectHideFlags: 0
  m_CorrespondingSourceObject: {fileID: 0}
  m_PrefabInstance: {fileID: 0}
  m_PrefabAsset: {fileID: 0}
  m_GameObject: {fileID: 4265436660956491798}
  m_LocalRotation: {x: -0.030630153, y: -0.067491435, z: 0.8328344, w: 0.5485377}
  m_LocalPosition: {x: 0.24795486, y: 0.007844584, z: 0.0052705384}
  m_LocalScale: {x: 1, y: 0.9999999, z: 1.0000001}
  m_ConstrainProportionsScale: 0
  m_Children:
  - {fileID: 5057265745109569809}
  - {fileID: 4243958163254037885}
  m_Father: {fileID: 5294225175702122199}
  m_RootOrder: 0
  m_LocalEulerAnglesHint: {x: 0, y: 0, z: 0}
--- !u!1 &4584968046092038992
GameObject:
  m_ObjectHideFlags: 0
  m_CorrespondingSourceObject: {fileID: 0}
  m_PrefabInstance: {fileID: 0}
  m_PrefabAsset: {fileID: 0}
  serializedVersion: 6
  m_Component:
  - component: {fileID: 4553372166507290095}
  m_Layer: 0
  m_Name: index_03_r
  m_TagString: Untagged
  m_Icon: {fileID: 0}
  m_NavMeshLayer: 0
  m_StaticEditorFlags: 0
  m_IsActive: 1
--- !u!4 &4553372166507290095
Transform:
  m_ObjectHideFlags: 0
  m_CorrespondingSourceObject: {fileID: 0}
  m_PrefabInstance: {fileID: 0}
  m_PrefabAsset: {fileID: 0}
  m_GameObject: {fileID: 4584968046092038992}
  m_LocalRotation: {x: 0.010330728, y: -0.008216412, z: 0.11758104, w: 0.9929756}
  m_LocalPosition: {x: 0.042167127, y: 0.01128952, z: -0.0006959534}
  m_LocalScale: {x: 0.99999994, y: 1, z: 1}
  m_ConstrainProportionsScale: 0
  m_Children: []
  m_Father: {fileID: 3466559672105879619}
  m_RootOrder: 0
  m_LocalEulerAnglesHint: {x: 0, y: 0, z: 0}
--- !u!1 &4883542034451350738
GameObject:
  m_ObjectHideFlags: 0
  m_CorrespondingSourceObject: {fileID: 0}
  m_PrefabInstance: {fileID: 0}
  m_PrefabAsset: {fileID: 0}
  serializedVersion: 6
  m_Component:
  - component: {fileID: 6791769447330636045}
  m_Layer: 0
  m_Name: thumb_02_l
  m_TagString: Untagged
  m_Icon: {fileID: 0}
  m_NavMeshLayer: 0
  m_StaticEditorFlags: 0
  m_IsActive: 1
--- !u!4 &6791769447330636045
Transform:
  m_ObjectHideFlags: 0
  m_CorrespondingSourceObject: {fileID: 0}
  m_PrefabInstance: {fileID: 0}
  m_PrefabAsset: {fileID: 0}
  m_GameObject: {fileID: 4883542034451350738}
  m_LocalRotation: {x: 0.16148761, y: -0.1533277, z: -0.4966051, w: 0.83892536}
  m_LocalPosition: {x: -0.04029892, y: -0.0019163894, z: -0.0011505127}
  m_LocalScale: {x: 1.0000001, y: 0.99999994, z: 1}
  m_ConstrainProportionsScale: 0
  m_Children:
  - {fileID: 5849111745441843672}
  m_Father: {fileID: 6150623212799589469}
  m_RootOrder: 0
  m_LocalEulerAnglesHint: {x: 0, y: 0, z: 0}
--- !u!1 &4975146406597785881
GameObject:
  m_ObjectHideFlags: 0
  m_CorrespondingSourceObject: {fileID: 0}
  m_PrefabInstance: {fileID: 0}
  m_PrefabAsset: {fileID: 0}
  serializedVersion: 6
  m_Component:
  - component: {fileID: 2687793713537302928}
  m_Layer: 0
  m_Name: neck_01
  m_TagString: Untagged
  m_Icon: {fileID: 0}
  m_NavMeshLayer: 0
  m_StaticEditorFlags: 0
  m_IsActive: 1
--- !u!4 &2687793713537302928
Transform:
  m_ObjectHideFlags: 0
  m_CorrespondingSourceObject: {fileID: 0}
  m_PrefabInstance: {fileID: 0}
  m_PrefabAsset: {fileID: 0}
  m_GameObject: {fileID: 4975146406597785881}
  m_LocalRotation: {x: 0.057582274, y: -0.07040873, z: 0.2846184, w: 0.95431614}
  m_LocalPosition: {x: -0.16558762, y: -0.0035532187, z: -5.966012e-10}
  m_LocalScale: {x: 1, y: 1, z: 1}
  m_ConstrainProportionsScale: 0
  m_Children:
  - {fileID: 482357829189423236}
  m_Father: {fileID: 4838383081626665736}
  m_RootOrder: 2
  m_LocalEulerAnglesHint: {x: 0, y: 0, z: 0}
--- !u!1 &5347358776059888285
GameObject:
  m_ObjectHideFlags: 0
  m_CorrespondingSourceObject: {fileID: 0}
  m_PrefabInstance: {fileID: 0}
  m_PrefabAsset: {fileID: 0}
  serializedVersion: 6
  m_Component:
  - component: {fileID: 1959253238583402102}
  m_Layer: 0
  m_Name: pinky_02_l
  m_TagString: Untagged
  m_Icon: {fileID: 0}
  m_NavMeshLayer: 0
  m_StaticEditorFlags: 0
  m_IsActive: 1
--- !u!4 &1959253238583402102
Transform:
  m_ObjectHideFlags: 0
  m_CorrespondingSourceObject: {fileID: 0}
  m_PrefabInstance: {fileID: 0}
  m_PrefabAsset: {fileID: 0}
  m_GameObject: {fileID: 5347358776059888285}
  m_LocalRotation: {x: -0.06728819, y: -0.05759209, z: -0.765625, w: 0.6371607}
  m_LocalPosition: {x: -0.027100105, y: 0.0030918883, z: 0.004362564}
  m_LocalScale: {x: 1.0000001, y: 0.99999994, z: 0.99999994}
  m_ConstrainProportionsScale: 0
  m_Children:
  - {fileID: 2003355264657579089}
  m_Father: {fileID: 5693556757099123085}
  m_RootOrder: 0
  m_LocalEulerAnglesHint: {x: 0, y: 0, z: 0}
--- !u!1 &5386458272363786763
GameObject:
  m_ObjectHideFlags: 0
  m_CorrespondingSourceObject: {fileID: 0}
  m_PrefabInstance: {fileID: 0}
  m_PrefabAsset: {fileID: 0}
  serializedVersion: 6
  m_Component:
  - component: {fileID: 5313018226410834129}
  - component: {fileID: 7971133765317163325}
  m_Layer: 9
  m_Name: Fighter_14_Body_Mesh
  m_TagString: Untagged
  m_Icon: {fileID: 0}
  m_NavMeshLayer: 0
  m_StaticEditorFlags: 0
  m_IsActive: 1
--- !u!4 &5313018226410834129
Transform:
  m_ObjectHideFlags: 0
  m_CorrespondingSourceObject: {fileID: 0}
  m_PrefabInstance: {fileID: 0}
  m_PrefabAsset: {fileID: 0}
  m_GameObject: {fileID: 5386458272363786763}
  m_LocalRotation: {x: -0.7071068, y: 0, z: -0, w: 0.7071068}
  m_LocalPosition: {x: -0, y: 0.9436559, z: 0.03619795}
  m_LocalScale: {x: 1, y: 1, z: 1}
  m_ConstrainProportionsScale: 0
  m_Children: []
  m_Father: {fileID: 2216130260856366798}
  m_RootOrder: 0
  m_LocalEulerAnglesHint: {x: 0, y: 0, z: 0}
--- !u!137 &7971133765317163325
SkinnedMeshRenderer:
  m_ObjectHideFlags: 0
  m_CorrespondingSourceObject: {fileID: 0}
  m_PrefabInstance: {fileID: 0}
  m_PrefabAsset: {fileID: 0}
  m_GameObject: {fileID: 5386458272363786763}
  m_Enabled: 1
  m_CastShadows: 1
  m_ReceiveShadows: 1
  m_DynamicOccludee: 1
  m_StaticShadowCaster: 0
  m_MotionVectors: 1
  m_LightProbeUsage: 1
  m_ReflectionProbeUsage: 1
  m_RayTracingMode: 3
  m_RayTraceProcedural: 0
  m_RenderingLayerMask: 1
  m_RendererPriority: 0
  m_Materials:
  - {fileID: 2100000, guid: ef112b79d71bb48509f80b168c14c5f4, type: 2}
  m_StaticBatchInfo:
    firstSubMesh: 0
    subMeshCount: 0
  m_StaticBatchRoot: {fileID: 0}
  m_ProbeAnchor: {fileID: 0}
  m_LightProbeVolumeOverride: {fileID: 0}
  m_ScaleInLightmap: 1
  m_ReceiveGI: 1
  m_PreserveUVs: 0
  m_IgnoreNormalsForChartDetection: 0
  m_ImportantGI: 0
  m_StitchLightmapSeams: 1
  m_SelectedEditorRenderState: 3
  m_MinimumChartSize: 4
  m_AutoUVMaxDistance: 0.5
  m_AutoUVMaxAngle: 89
  m_LightmapParameters: {fileID: 0}
  m_SortingLayerID: 0
  m_SortingLayer: 0
  m_SortingOrder: 0
  serializedVersion: 2
  m_Quality: 0
  m_UpdateWhenOffscreen: 0
  m_SkinnedMotionVectors: 1
  m_Mesh: {fileID: 256342817485410243, guid: 85be4edbd2e2b42a5b1747d8a04da6be, type: 3}
  m_Bones:
  - {fileID: 6673924438689500149}
  - {fileID: 4005424110249737731}
  - {fileID: 7745192995665327294}
  - {fileID: 5871492542218098087}
  - {fileID: 2465831361115483999}
  - {fileID: 6107835368578056898}
  - {fileID: 2089668071552566770}
  - {fileID: 8469305311475935974}
  - {fileID: 4547795886127896936}
  - {fileID: 5693556757099123085}
  - {fileID: 250674966421104439}
  - {fileID: 1959253238583402102}
  - {fileID: 2003355264657579089}
  - {fileID: 5849111745441843672}
  - {fileID: 6150623212799589469}
  - {fileID: 6791769447330636045}
  - {fileID: 8670030370944582892}
  - {fileID: 197463196409568444}
  - {fileID: 482357829189423236}
  - {fileID: 4838383081626665736}
  - {fileID: 8605453015329707673}
  - {fileID: 1395828153400145554}
  - {fileID: 2687793713537302928}
  - {fileID: 4470771507163873467}
  - {fileID: 685426505516148583}
  - {fileID: 530387680624958871}
  - {fileID: 59892029849836477}
  - {fileID: 2484273452153450681}
  - {fileID: 3546650266993377628}
  - {fileID: 8961132577358507973}
  - {fileID: 2879872372901616705}
  - {fileID: 1761296234290176139}
  - {fileID: 3466559672105879619}
  - {fileID: 5057265745109569809}
  - {fileID: 5585428348548665648}
  - {fileID: 4553372166507290095}
  - {fileID: 4603628756676971617}
  - {fileID: 8645526109471900650}
  - {fileID: 6901062277110784187}
  - {fileID: 5543523445133927018}
  - {fileID: 4329010832441045772}
  - {fileID: 2215582404635727278}
  - {fileID: 4655386313966102545}
  - {fileID: 6638656509004705772}
  - {fileID: 8484654315232701674}
  - {fileID: 7666909636692350905}
  - {fileID: 4603703110766834399}
  - {fileID: 1373464268755126404}
  - {fileID: 4243958163254037885}
  - {fileID: 5578695438167555440}
  - {fileID: 5073642353495242796}
  - {fileID: 5294225175702122199}
  - {fileID: 3127489665592425802}
  - {fileID: 6817818532046709607}
  - {fileID: 7769916161611183734}
  m_BlendShapeWeights: []
  m_RootBone: {fileID: 530387680624958871}
  m_AABB:
    m_Center: {x: 0.05769968, y: -0.027710736, z: -0.08477157}
    m_Extent: {x: 1.0020149, y: 0.38320732, z: 0.52807754}
  m_DirtyAABB: 0
--- !u!1 &5556477563510933517
GameObject:
  m_ObjectHideFlags: 0
  m_CorrespondingSourceObject: {fileID: 0}
  m_PrefabInstance: {fileID: 0}
  m_PrefabAsset: {fileID: 0}
  serializedVersion: 6
  m_Component:
  - component: {fileID: 5585428348548665648}
  m_Layer: 0
  m_Name: index_01_r
  m_TagString: Untagged
  m_Icon: {fileID: 0}
  m_NavMeshLayer: 0
  m_StaticEditorFlags: 0
  m_IsActive: 1
--- !u!4 &5585428348548665648
Transform:
  m_ObjectHideFlags: 0
  m_CorrespondingSourceObject: {fileID: 0}
  m_PrefabInstance: {fileID: 0}
  m_PrefabAsset: {fileID: 0}
  m_GameObject: {fileID: 5556477563510933517}
  m_LocalRotation: {x: 0.11789512, y: -0.3002777, z: -0.7912768, w: 0.51943725}
  m_LocalPosition: {x: 0.11646881, y: -0.0034927367, z: 0.017657585}
  m_LocalScale: {x: 0.9999999, y: 0.99999994, z: 0.9999998}
  m_ConstrainProportionsScale: 0
  m_Children:
  - {fileID: 3466559672105879619}
  m_Father: {fileID: 5057265745109569809}
  m_RootOrder: 0
  m_LocalEulerAnglesHint: {x: 0, y: 0, z: 0}
--- !u!1 &5609636131819286055
GameObject:
  m_ObjectHideFlags: 0
  m_CorrespondingSourceObject: {fileID: 0}
  m_PrefabInstance: {fileID: 0}
  m_PrefabAsset: {fileID: 0}
  serializedVersion: 6
  m_Component:
  - component: {fileID: 1373464268755126404}
  m_Layer: 0
  m_Name: thumb_02_r
  m_TagString: Untagged
  m_Icon: {fileID: 0}
  m_NavMeshLayer: 0
  m_StaticEditorFlags: 0
  m_IsActive: 1
--- !u!4 &1373464268755126404
Transform:
  m_ObjectHideFlags: 0
  m_CorrespondingSourceObject: {fileID: 0}
  m_PrefabInstance: {fileID: 0}
  m_PrefabAsset: {fileID: 0}
  m_GameObject: {fileID: 5609636131819286055}
  m_LocalRotation: {x: 0.09890376, y: -0.3918382, z: -0.4090579, w: 0.8181397}
  m_LocalPosition: {x: 0.04029888, y: 0.0019163513, z: 0.0011503601}
  m_LocalScale: {x: 1, y: 1, z: 1.0000001}
  m_ConstrainProportionsScale: 0
  m_Children:
  - {fileID: 7666909636692350905}
  m_Father: {fileID: 4603703110766834399}
  m_RootOrder: 0
  m_LocalEulerAnglesHint: {x: 0, y: 0, z: 0}
--- !u!1 &5738188876849529871
GameObject:
  m_ObjectHideFlags: 0
  m_CorrespondingSourceObject: {fileID: 0}
  m_PrefabInstance: {fileID: 0}
  m_PrefabAsset: {fileID: 0}
  serializedVersion: 6
  m_Component:
  - component: {fileID: 6638656509004705772}
  m_Layer: 0
  m_Name: pinky_01_r
  m_TagString: Untagged
  m_Icon: {fileID: 0}
  m_NavMeshLayer: 0
  m_StaticEditorFlags: 0
  m_IsActive: 1
--- !u!4 &6638656509004705772
Transform:
  m_ObjectHideFlags: 0
  m_CorrespondingSourceObject: {fileID: 0}
  m_PrefabInstance: {fileID: 0}
  m_PrefabAsset: {fileID: 0}
  m_GameObject: {fileID: 5738188876849529871}
  m_LocalRotation: {x: -0.17070936, y: -0.16262265, z: -0.6948999, w: 0.6793573}
  m_LocalPosition: {x: 0.08098556, y: -0.029973602, z: -0.046721704}
  m_LocalScale: {x: 1, y: 1.0000001, z: 0.99999994}
  m_ConstrainProportionsScale: 0
  m_Children:
  - {fileID: 2215582404635727278}
  m_Father: {fileID: 5057265745109569809}
  m_RootOrder: 2
  m_LocalEulerAnglesHint: {x: 0, y: 0, z: 0}
--- !u!1 &5783873566115865816
GameObject:
  m_ObjectHideFlags: 0
  m_CorrespondingSourceObject: {fileID: 0}
  m_PrefabInstance: {fileID: 0}
  m_PrefabAsset: {fileID: 0}
  serializedVersion: 6
  m_Component:
  - component: {fileID: 250674966421104439}
  m_Layer: 0
  m_Name: ring_03_l
  m_TagString: Untagged
  m_Icon: {fileID: 0}
  m_NavMeshLayer: 0
  m_StaticEditorFlags: 0
  m_IsActive: 1
--- !u!4 &250674966421104439
Transform:
  m_ObjectHideFlags: 0
  m_CorrespondingSourceObject: {fileID: 0}
  m_PrefabInstance: {fileID: 0}
  m_PrefabAsset: {fileID: 0}
  m_GameObject: {fileID: 5783873566115865816}
  m_LocalRotation: {x: -0.009909529, y: 0.04270508, z: 0.06895397, w: 0.9966561}
  m_LocalPosition: {x: -0.040386274, y: -0.006938629, z: 0.004219055}
  m_LocalScale: {x: 0.9999999, y: 0.9999999, z: 0.99999976}
  m_ConstrainProportionsScale: 0
  m_Children: []
  m_Father: {fileID: 4547795886127896936}
  m_RootOrder: 0
  m_LocalEulerAnglesHint: {x: 0, y: 0, z: 0}
--- !u!1 &6017215132644356493
GameObject:
  m_ObjectHideFlags: 0
  m_CorrespondingSourceObject: {fileID: 0}
  m_PrefabInstance: {fileID: 0}
  m_PrefabAsset: {fileID: 0}
  serializedVersion: 6
  m_Component:
  - component: {fileID: 1761296234290176139}
  m_Layer: 0
  m_Name: ball_l
  m_TagString: Untagged
  m_Icon: {fileID: 0}
  m_NavMeshLayer: 0
  m_StaticEditorFlags: 0
  m_IsActive: 1
--- !u!4 &1761296234290176139
Transform:
  m_ObjectHideFlags: 0
  m_CorrespondingSourceObject: {fileID: 0}
  m_PrefabInstance: {fileID: 0}
  m_PrefabAsset: {fileID: 0}
  m_GameObject: {fileID: 6017215132644356493}
  m_LocalRotation: {x: 0.000080079, y: -0.000029600329, z: 0.7186339, w: 0.6953886}
  m_LocalPosition: {x: 0.10453838, y: -0.16577853, z: 0.00080156326}
  m_LocalScale: {x: 1, y: 1.0000001, z: 1}
  m_ConstrainProportionsScale: 0
  m_Children: []
  m_Father: {fileID: 2879872372901616705}
  m_RootOrder: 0
  m_LocalEulerAnglesHint: {x: 0, y: 0, z: 0}
--- !u!1 &6339350084243757967
GameObject:
  m_ObjectHideFlags: 0
  m_CorrespondingSourceObject: {fileID: 0}
  m_PrefabInstance: {fileID: 0}
  m_PrefabAsset: {fileID: 0}
  serializedVersion: 6
  m_Component:
  - component: {fileID: 6107835368578056898}
  m_Layer: 0
  m_Name: middle_01_l
  m_TagString: Untagged
  m_Icon: {fileID: 0}
  m_NavMeshLayer: 0
  m_StaticEditorFlags: 0
  m_IsActive: 1
--- !u!4 &6107835368578056898
Transform:
  m_ObjectHideFlags: 0
  m_CorrespondingSourceObject: {fileID: 0}
  m_PrefabInstance: {fileID: 0}
  m_PrefabAsset: {fileID: 0}
  m_GameObject: {fileID: 6339350084243757967}
  m_LocalRotation: {x: -0.011402241, y: -0.26792815, z: -0.7157819, w: 0.6447796}
  m_LocalPosition: {x: -0.10244613, y: 0.0024653624, z: 0.0044400785}
  m_LocalScale: {x: 1.0000001, y: 0.99999994, z: 1}
  m_ConstrainProportionsScale: 0
  m_Children:
  - {fileID: 2465831361115483999}
  m_Father: {fileID: 4005424110249737731}
  m_RootOrder: 1
  m_LocalEulerAnglesHint: {x: 0, y: 0, z: 0}
--- !u!1 &6784946360302419749
GameObject:
  m_ObjectHideFlags: 0
  m_CorrespondingSourceObject: {fileID: 0}
  m_PrefabInstance: {fileID: 0}
  m_PrefabAsset: {fileID: 0}
  serializedVersion: 6
  m_Component:
  - component: {fileID: 6901062277110784187}
  m_Layer: 0
  m_Name: ring_02_r
  m_TagString: Untagged
  m_Icon: {fileID: 0}
  m_NavMeshLayer: 0
  m_StaticEditorFlags: 0
  m_IsActive: 1
--- !u!4 &6901062277110784187
Transform:
  m_ObjectHideFlags: 0
  m_CorrespondingSourceObject: {fileID: 0}
  m_PrefabInstance: {fileID: 0}
  m_PrefabAsset: {fileID: 0}
  m_GameObject: {fileID: 6784946360302419749}
  m_LocalRotation: {x: -0.043139365, y: -0.1110485, z: -0.6793423, w: 0.7240865}
  m_LocalPosition: {x: 0.039436493, y: 0.003742523, z: -0.0042142295}
  m_LocalScale: {x: 1.0000001, y: 1, z: 1.0000001}
  m_ConstrainProportionsScale: 0
  m_Children:
  - {fileID: 4655386313966102545}
  m_Father: {fileID: 4329010832441045772}
  m_RootOrder: 0
  m_LocalEulerAnglesHint: {x: 0, y: 0, z: 0}
--- !u!1 &6810718421838939527
GameObject:
  m_ObjectHideFlags: 0
  m_CorrespondingSourceObject: {fileID: 0}
  m_PrefabInstance: {fileID: 0}
  m_PrefabAsset: {fileID: 0}
  serializedVersion: 6
  m_Component:
  - component: {fileID: 8484654315232701674}
  m_Layer: 0
  m_Name: pinky_03_r
  m_TagString: Untagged
  m_Icon: {fileID: 0}
  m_NavMeshLayer: 0
  m_StaticEditorFlags: 0
  m_IsActive: 1
--- !u!4 &8484654315232701674
Transform:
  m_ObjectHideFlags: 0
  m_CorrespondingSourceObject: {fileID: 0}
  m_PrefabInstance: {fileID: 0}
  m_PrefabAsset: {fileID: 0}
  m_GameObject: {fileID: 6810718421838939527}
  m_LocalRotation: {x: 0.0035101008, y: 0.044786327, z: -0.026664402, w: 0.9986345}
  m_LocalPosition: {x: 0.030930137, y: 0.00025863646, z: -0.003640251}
  m_LocalScale: {x: 0.9999999, y: 0.99999994, z: 0.9999999}
  m_ConstrainProportionsScale: 0
  m_Children: []
  m_Father: {fileID: 2215582404635727278}
  m_RootOrder: 0
  m_LocalEulerAnglesHint: {x: 0, y: 0, z: 0}
--- !u!1 &6812217965719886827
GameObject:
  m_ObjectHideFlags: 0
  m_CorrespondingSourceObject: {fileID: 0}
  m_PrefabInstance: {fileID: 0}
  m_PrefabAsset: {fileID: 0}
  serializedVersion: 6
  m_Component:
  - component: {fileID: 2003355264657579089}
  m_Layer: 0
  m_Name: pinky_03_l
  m_TagString: Untagged
  m_Icon: {fileID: 0}
  m_NavMeshLayer: 0
  m_StaticEditorFlags: 0
  m_IsActive: 1
--- !u!4 &2003355264657579089
Transform:
  m_ObjectHideFlags: 0
  m_CorrespondingSourceObject: {fileID: 0}
  m_PrefabInstance: {fileID: 0}
  m_PrefabAsset: {fileID: 0}
  m_GameObject: {fileID: 6812217965719886827}
  m_LocalRotation: {x: 0.005449967, y: 0.06210022, z: -0.00054060173, w: 0.9980549}
  m_LocalPosition: {x: -0.03093025, y: -0.0002584839, z: 0.003640251}
  m_LocalScale: {x: 0.99999994, y: 1, z: 0.99999994}
  m_ConstrainProportionsScale: 0
  m_Children: []
  m_Father: {fileID: 1959253238583402102}
  m_RootOrder: 0
  m_LocalEulerAnglesHint: {x: 0, y: 0, z: 0}
--- !u!1 &6876315458948699645
GameObject:
  m_ObjectHideFlags: 0
  m_CorrespondingSourceObject: {fileID: 0}
  m_PrefabInstance: {fileID: 0}
  m_PrefabAsset: {fileID: 0}
  serializedVersion: 6
  m_Component:
  - component: {fileID: 6817818532046709607}
  m_Layer: 0
  m_Name: foot_r
  m_TagString: Untagged
  m_Icon: {fileID: 0}
  m_NavMeshLayer: 0
  m_StaticEditorFlags: 0
  m_IsActive: 1
--- !u!4 &6817818532046709607
Transform:
  m_ObjectHideFlags: 0
  m_CorrespondingSourceObject: {fileID: 0}
  m_PrefabInstance: {fileID: 0}
  m_PrefabAsset: {fileID: 0}
  m_GameObject: {fileID: 6876315458948699645}
  m_LocalRotation: {x: -0.023388902, y: -0.031270564, z: 0.041500337, w: 0.9983751}
  m_LocalPosition: {x: -0.40196815, y: 0.000000019073486, z: -0.000000114440915}
  m_LocalScale: {x: 1, y: 0.9999999, z: 0.99999994}
  m_ConstrainProportionsScale: 0
  m_Children:
  - {fileID: 7769916161611183734}
  m_Father: {fileID: 3127489665592425802}
  m_RootOrder: 0
  m_LocalEulerAnglesHint: {x: 0, y: 0, z: 0}
--- !u!1 &6880628972211896056
GameObject:
  m_ObjectHideFlags: 0
  m_CorrespondingSourceObject: {fileID: 0}
  m_PrefabInstance: {fileID: 0}
  m_PrefabAsset: {fileID: 0}
  serializedVersion: 6
  m_Component:
  - component: {fileID: 4655386313966102545}
  m_Layer: 0
  m_Name: ring_03_r
  m_TagString: Untagged
  m_Icon: {fileID: 0}
  m_NavMeshLayer: 0
  m_StaticEditorFlags: 0
  m_IsActive: 1
--- !u!4 &4655386313966102545
Transform:
  m_ObjectHideFlags: 0
  m_CorrespondingSourceObject: {fileID: 0}
  m_PrefabInstance: {fileID: 0}
  m_PrefabAsset: {fileID: 0}
  m_GameObject: {fileID: 6880628972211896056}
  m_LocalRotation: {x: -0.009443624, y: 0.03385557, z: 0.042828277, w: 0.998464}
  m_LocalPosition: {x: 0.040386353, y: 0.0069384766, z: -0.0042190454}
  m_LocalScale: {x: 1, y: 0.99999994, z: 1}
  m_ConstrainProportionsScale: 0
  m_Children: []
  m_Father: {fileID: 6901062277110784187}
  m_RootOrder: 0
  m_LocalEulerAnglesHint: {x: 0, y: 0, z: 0}
--- !u!1 &7150360962820047031
GameObject:
  m_ObjectHideFlags: 0
  m_CorrespondingSourceObject: {fileID: 0}
  m_PrefabInstance: {fileID: 0}
  m_PrefabAsset: {fileID: 0}
  serializedVersion: 6
  m_Component:
  - component: {fileID: 4470771507163873467}
  m_Layer: 0
  m_Name: upperarm_l
  m_TagString: Untagged
  m_Icon: {fileID: 0}
  m_NavMeshLayer: 0
  m_StaticEditorFlags: 0
  m_IsActive: 1
--- !u!4 &4470771507163873467
Transform:
  m_ObjectHideFlags: 0
  m_CorrespondingSourceObject: {fileID: 0}
  m_PrefabInstance: {fileID: 0}
  m_PrefabAsset: {fileID: 0}
  m_GameObject: {fileID: 7150360962820047031}
  m_LocalRotation: {x: -0.12446933, y: -0.20471206, z: 0.1376597, w: 0.96106726}
  m_LocalPosition: {x: -0.20217367, y: -0.05017452, z: -0.023133392}
  m_LocalScale: {x: 1, y: 0.99999994, z: 1}
  m_ConstrainProportionsScale: 0
  m_Children:
  - {fileID: 197463196409568444}
  m_Father: {fileID: 1395828153400145554}
  m_RootOrder: 0
  m_LocalEulerAnglesHint: {x: 0, y: 0, z: 0}
--- !u!1 &7464301251353011593
GameObject:
  m_ObjectHideFlags: 0
  m_CorrespondingSourceObject: {fileID: 0}
  m_PrefabInstance: {fileID: 0}
  m_PrefabAsset: {fileID: 0}
  serializedVersion: 6
  m_Component:
  - component: {fileID: 4243958163254037885}
  m_Layer: 0
  m_Name: lowerarm_twist_01_r
  m_TagString: Untagged
  m_Icon: {fileID: 0}
  m_NavMeshLayer: 0
  m_StaticEditorFlags: 0
  m_IsActive: 1
--- !u!4 &4243958163254037885
Transform:
  m_ObjectHideFlags: 0
  m_CorrespondingSourceObject: {fileID: 0}
  m_PrefabInstance: {fileID: 0}
  m_PrefabAsset: {fileID: 0}
  m_GameObject: {fileID: 7464301251353011593}
  m_LocalRotation: {x: -0.117627166, y: -0.000000021703599, z: -0.0000000067910286,
    w: 0.99305785}
  m_LocalPosition: {x: 0.13897644, y: -0.0031605337, z: -0.0019435119}
  m_LocalScale: {x: 1.0000001, y: 1.0000001, z: 1}
  m_ConstrainProportionsScale: 0
  m_Children: []
  m_Father: {fileID: 5578695438167555440}
  m_RootOrder: 1
  m_LocalEulerAnglesHint: {x: 0, y: 0, z: 0}
--- !u!1 &7578263304499162696
GameObject:
  m_ObjectHideFlags: 0
  m_CorrespondingSourceObject: {fileID: 0}
  m_PrefabInstance: {fileID: 0}
  m_PrefabAsset: {fileID: 0}
  serializedVersion: 6
  m_Component:
  - component: {fileID: 4005424110249737731}
  m_Layer: 0
  m_Name: hand_l
  m_TagString: Untagged
  m_Icon: {fileID: 0}
  m_NavMeshLayer: 0
  m_StaticEditorFlags: 0
  m_IsActive: 1
--- !u!4 &4005424110249737731
Transform:
  m_ObjectHideFlags: 0
  m_CorrespondingSourceObject: {fileID: 0}
  m_PrefabInstance: {fileID: 0}
  m_PrefabAsset: {fileID: 0}
  m_GameObject: {fileID: 7578263304499162696}
  m_LocalRotation: {x: -0.68748546, y: 0.0052602333, z: -0.065919645, w: 0.72318095}
  m_LocalPosition: {x: -0.28116217, y: 0.0075386046, z: 0.0041818237}
  m_LocalScale: {x: 0.99999994, y: 1, z: 0.99999994}
  m_ConstrainProportionsScale: 0
  m_Children:
  - {fileID: 7745192995665327294}
  - {fileID: 6107835368578056898}
  - {fileID: 5693556757099123085}
  - {fileID: 2089668071552566770}
  - {fileID: 6150623212799589469}
  m_Father: {fileID: 197463196409568444}
  m_RootOrder: 0
  m_LocalEulerAnglesHint: {x: 0, y: 0, z: 0}
--- !u!1 &7698383894386515928
GameObject:
  m_ObjectHideFlags: 0
  m_CorrespondingSourceObject: {fileID: 0}
  m_PrefabInstance: {fileID: 0}
  m_PrefabAsset: {fileID: 0}
  serializedVersion: 6
  m_Component:
  - component: {fileID: 7745192995665327294}
  m_Layer: 0
  m_Name: index_01_l
  m_TagString: Untagged
  m_Icon: {fileID: 0}
  m_NavMeshLayer: 0
  m_StaticEditorFlags: 0
  m_IsActive: 1
--- !u!4 &7745192995665327294
Transform:
  m_ObjectHideFlags: 0
  m_CorrespondingSourceObject: {fileID: 0}
  m_PrefabInstance: {fileID: 0}
  m_PrefabAsset: {fileID: 0}
  m_GameObject: {fileID: 7698383894386515928}
  m_LocalRotation: {x: 0.1198611, y: -0.29247198, z: -0.7785305, w: 0.5422027}
  m_LocalPosition: {x: -0.116468884, y: 0.0034927367, z: -0.017657585}
  m_LocalScale: {x: 1.0000001, y: 1, z: 0.99999994}
  m_ConstrainProportionsScale: 0
  m_Children:
  - {fileID: 6673924438689500149}
  m_Father: {fileID: 4005424110249737731}
  m_RootOrder: 0
  m_LocalEulerAnglesHint: {x: 0, y: 0, z: 0}
--- !u!1 &7786729644935813605
GameObject:
  m_ObjectHideFlags: 0
  m_CorrespondingSourceObject: {fileID: 0}
  m_PrefabInstance: {fileID: 0}
  m_PrefabAsset: {fileID: 0}
  serializedVersion: 6
  m_Component:
  - component: {fileID: 6150623212799589469}
  m_Layer: 0
  m_Name: thumb_01_l
  m_TagString: Untagged
  m_Icon: {fileID: 0}
  m_NavMeshLayer: 0
  m_StaticEditorFlags: 0
  m_IsActive: 1
--- !u!4 &6150623212799589469
Transform:
  m_ObjectHideFlags: 0
  m_CorrespondingSourceObject: {fileID: 0}
  m_PrefabInstance: {fileID: 0}
  m_PrefabAsset: {fileID: 0}
  m_GameObject: {fileID: 7786729644935813605}
  m_LocalRotation: {x: 0.6441079, y: -0.34473068, z: -0.10496197, w: 0.6747361}
  m_LocalPosition: {x: -0.03505844, y: 0.014497528, z: -0.05097769}
  m_LocalScale: {x: 1, y: 1.0000001, z: 0.99999994}
  m_ConstrainProportionsScale: 0
  m_Children:
  - {fileID: 6791769447330636045}
  m_Father: {fileID: 4005424110249737731}
  m_RootOrder: 4
  m_LocalEulerAnglesHint: {x: 0, y: 0, z: 0}
--- !u!1 &7917480626621355516
GameObject:
  m_ObjectHideFlags: 0
  m_CorrespondingSourceObject: {fileID: 0}
  m_PrefabInstance: {fileID: 0}
  m_PrefabAsset: {fileID: 0}
  serializedVersion: 6
  m_Component:
  - component: {fileID: 8670030370944582892}
  m_Layer: 0
  m_Name: lowerarm_twist_01_l
  m_TagString: Untagged
  m_Icon: {fileID: 0}
  m_NavMeshLayer: 0
  m_StaticEditorFlags: 0
  m_IsActive: 1
--- !u!4 &8670030370944582892
Transform:
  m_ObjectHideFlags: 0
  m_CorrespondingSourceObject: {fileID: 0}
  m_PrefabInstance: {fileID: 0}
  m_PrefabAsset: {fileID: 0}
  m_GameObject: {fileID: 7917480626621355516}
  m_LocalRotation: {x: 0.0000000037252903, y: -0.000000014901163, z: -0.000000011641533,
    w: 1}
  m_LocalPosition: {x: -0.13897644, y: 0.0031605242, z: 0.0019438171}
  m_LocalScale: {x: 0.99999994, y: 0.9999999, z: 1}
  m_ConstrainProportionsScale: 0
  m_Children: []
  m_Father: {fileID: 197463196409568444}
  m_RootOrder: 1
  m_LocalEulerAnglesHint: {x: 0, y: 0, z: 0}
--- !u!1 &7938096222344691680
GameObject:
  m_ObjectHideFlags: 0
  m_CorrespondingSourceObject: {fileID: 0}
  m_PrefabInstance: {fileID: 0}
  m_PrefabAsset: {fileID: 0}
  serializedVersion: 6
  m_Component:
  - component: {fileID: 5871492542218098087}
  m_Layer: 0
  m_Name: index_03_l
  m_TagString: Untagged
  m_Icon: {fileID: 0}
  m_NavMeshLayer: 0
  m_StaticEditorFlags: 0
  m_IsActive: 1
--- !u!4 &5871492542218098087
Transform:
  m_ObjectHideFlags: 0
  m_CorrespondingSourceObject: {fileID: 0}
  m_PrefabInstance: {fileID: 0}
  m_PrefabAsset: {fileID: 0}
  m_GameObject: {fileID: 7938096222344691680}
  m_LocalRotation: {x: 0.010472505, y: -0.008034886, z: 0.10023328, w: 0.99487644}
  m_LocalPosition: {x: -0.042167053, y: -0.011289825, z: 0.00069602963}
  m_LocalScale: {x: 1.0000001, y: 1, z: 1}
  m_ConstrainProportionsScale: 0
  m_Children: []
  m_Father: {fileID: 6673924438689500149}
  m_RootOrder: 0
  m_LocalEulerAnglesHint: {x: 0, y: 0, z: 0}
--- !u!1 &7986002668265897727
GameObject:
  m_ObjectHideFlags: 0
  m_CorrespondingSourceObject: {fileID: 0}
  m_PrefabInstance: {fileID: 0}
  m_PrefabAsset: {fileID: 0}
  serializedVersion: 6
  m_Component:
  - component: {fileID: 5057265745109569809}
  m_Layer: 0
  m_Name: hand_r
  m_TagString: Untagged
  m_Icon: {fileID: 0}
  m_NavMeshLayer: 0
  m_StaticEditorFlags: 0
  m_IsActive: 1
--- !u!4 &5057265745109569809
Transform:
  m_ObjectHideFlags: 0
  m_CorrespondingSourceObject: {fileID: 0}
  m_PrefabInstance: {fileID: 0}
  m_PrefabAsset: {fileID: 0}
  m_GameObject: {fileID: 7986002668265897727}
  m_LocalRotation: {x: -0.6457978, y: 0.07381261, z: 0.09169736, w: 0.7543796}
  m_LocalPosition: {x: 0.28116226, y: -0.0075386143, z: -0.0041815187}
  m_LocalScale: {x: 1.0000001, y: 0.99999994, z: 1.0000001}
  m_ConstrainProportionsScale: 0
  m_Children:
  - {fileID: 5585428348548665648}
  - {fileID: 8645526109471900650}
  - {fileID: 6638656509004705772}
  - {fileID: 4329010832441045772}
  - {fileID: 4603703110766834399}
  m_Father: {fileID: 5578695438167555440}
  m_RootOrder: 0
  m_LocalEulerAnglesHint: {x: 0, y: 0, z: 0}
--- !u!1 &8136157463785679321
GameObject:
  m_ObjectHideFlags: 0
  m_CorrespondingSourceObject: {fileID: 0}
  m_PrefabInstance: {fileID: 0}
  m_PrefabAsset: {fileID: 0}
  serializedVersion: 6
  m_Component:
  - component: {fileID: 5543523445133927018}
  m_Layer: 0
  m_Name: middle_03_r
  m_TagString: Untagged
  m_Icon: {fileID: 0}
  m_NavMeshLayer: 0
  m_StaticEditorFlags: 0
  m_IsActive: 1
--- !u!4 &5543523445133927018
Transform:
  m_ObjectHideFlags: 0
  m_CorrespondingSourceObject: {fileID: 0}
  m_PrefabInstance: {fileID: 0}
  m_PrefabAsset: {fileID: 0}
  m_GameObject: {fileID: 8136157463785679321}
  m_LocalRotation: {x: 0.0016214314, y: 0.038867, z: 0.13362357, w: 0.9902684}
  m_LocalPosition: {x: 0.05012985, y: 0.011741791, z: -0.005926876}
  m_LocalScale: {x: 0.9999999, y: 0.9999999, z: 0.99999994}
  m_ConstrainProportionsScale: 0
  m_Children: []
  m_Father: {fileID: 4603628756676971617}
  m_RootOrder: 0
  m_LocalEulerAnglesHint: {x: 0, y: 0, z: 0}
--- !u!1 &8502941079031787861
GameObject:
  m_ObjectHideFlags: 0
  m_CorrespondingSourceObject: {fileID: 0}
  m_PrefabInstance: {fileID: 0}
  m_PrefabAsset: {fileID: 0}
  serializedVersion: 6
  m_Component:
  - component: {fileID: 6224540855793199675}
  - component: {fileID: 5284433379210634269}
  m_Layer: 9
  m_Name: Fighter_14_Jaw_Mesh
  m_TagString: Untagged
  m_Icon: {fileID: 0}
  m_NavMeshLayer: 0
  m_StaticEditorFlags: 0
  m_IsActive: 1
--- !u!4 &6224540855793199675
Transform:
  m_ObjectHideFlags: 0
  m_CorrespondingSourceObject: {fileID: 0}
  m_PrefabInstance: {fileID: 0}
  m_PrefabAsset: {fileID: 0}
  m_GameObject: {fileID: 8502941079031787861}
  m_LocalRotation: {x: -0.7071068, y: 0, z: -0, w: 0.7071068}
  m_LocalPosition: {x: -0.000000019073486, y: 1.6625075, z: 0.08012245}
  m_LocalScale: {x: 1, y: 1, z: 1}
  m_ConstrainProportionsScale: 0
  m_Children: []
  m_Father: {fileID: 2216130260856366798}
  m_RootOrder: 1
  m_LocalEulerAnglesHint: {x: 0, y: 0, z: 0}
--- !u!137 &5284433379210634269
SkinnedMeshRenderer:
  m_ObjectHideFlags: 0
  m_CorrespondingSourceObject: {fileID: 0}
  m_PrefabInstance: {fileID: 0}
  m_PrefabAsset: {fileID: 0}
  m_GameObject: {fileID: 8502941079031787861}
  m_Enabled: 1
  m_CastShadows: 1
  m_ReceiveShadows: 1
  m_DynamicOccludee: 1
  m_StaticShadowCaster: 0
  m_MotionVectors: 1
  m_LightProbeUsage: 1
  m_ReflectionProbeUsage: 1
  m_RayTracingMode: 3
  m_RayTraceProcedural: 0
  m_RenderingLayerMask: 1
  m_RendererPriority: 0
  m_Materials:
  - {fileID: 2100000, guid: ef112b79d71bb48509f80b168c14c5f4, type: 2}
  m_StaticBatchInfo:
    firstSubMesh: 0
    subMeshCount: 0
  m_StaticBatchRoot: {fileID: 0}
  m_ProbeAnchor: {fileID: 0}
  m_LightProbeVolumeOverride: {fileID: 0}
  m_ScaleInLightmap: 1
  m_ReceiveGI: 1
  m_PreserveUVs: 0
  m_IgnoreNormalsForChartDetection: 0
  m_ImportantGI: 0
  m_StitchLightmapSeams: 1
  m_SelectedEditorRenderState: 3
  m_MinimumChartSize: 4
  m_AutoUVMaxDistance: 0.5
  m_AutoUVMaxAngle: 89
  m_LightmapParameters: {fileID: 0}
  m_SortingLayerID: 0
  m_SortingLayer: 0
  m_SortingOrder: 0
  serializedVersion: 2
  m_Quality: 0
  m_UpdateWhenOffscreen: 0
  m_SkinnedMotionVectors: 1
  m_Mesh: {fileID: 1859423226047635812, guid: 85be4edbd2e2b42a5b1747d8a04da6be, type: 3}
  m_Bones:
  - {fileID: 8605453015329707673}
  - {fileID: 482357829189423236}
  m_BlendShapeWeights: []
  m_RootBone: {fileID: 482357829189423236}
  m_AABB:
    m_Center: {x: -0.004726109, y: -0.121654525, z: 0.000000063329935}
    m_Extent: {x: 0.027845282, y: 0.03150013, z: 0.029805157}
  m_DirtyAABB: 0
--- !u!1 &8522725191409072855
GameObject:
  m_ObjectHideFlags: 0
  m_CorrespondingSourceObject: {fileID: 0}
  m_PrefabInstance: {fileID: 0}
  m_PrefabAsset: {fileID: 0}
  serializedVersion: 6
  m_Component:
  - component: {fileID: 5693556757099123085}
  m_Layer: 0
  m_Name: pinky_01_l
  m_TagString: Untagged
  m_Icon: {fileID: 0}
  m_NavMeshLayer: 0
  m_StaticEditorFlags: 0
  m_IsActive: 1
--- !u!4 &5693556757099123085
Transform:
  m_ObjectHideFlags: 0
  m_CorrespondingSourceObject: {fileID: 0}
  m_PrefabInstance: {fileID: 0}
  m_PrefabAsset: {fileID: 0}
  m_GameObject: {fileID: 8522725191409072855}
  m_LocalRotation: {x: -0.14442872, y: -0.13922425, z: -0.6819126, w: 0.7033862}
  m_LocalPosition: {x: -0.08098556, y: 0.029973296, z: 0.046721764}
  m_LocalScale: {x: 1.0000002, y: 0.9999999, z: 1}
  m_ConstrainProportionsScale: 0
  m_Children:
  - {fileID: 1959253238583402102}
  m_Father: {fileID: 4005424110249737731}
  m_RootOrder: 2
  m_LocalEulerAnglesHint: {x: 0, y: 0, z: 0}
--- !u!1 &8631039035739741357
GameObject:
  m_ObjectHideFlags: 0
  m_CorrespondingSourceObject: {fileID: 0}
  m_PrefabInstance: {fileID: 0}
  m_PrefabAsset: {fileID: 0}
  serializedVersion: 6
  m_Component:
  - component: {fileID: 1395828153400145554}
  m_Layer: 0
  m_Name: clavicle_l
  m_TagString: Untagged
  m_Icon: {fileID: 0}
  m_NavMeshLayer: 0
  m_StaticEditorFlags: 0
  m_IsActive: 1
--- !u!4 &1395828153400145554
Transform:
  m_ObjectHideFlags: 0
  m_CorrespondingSourceObject: {fileID: 0}
  m_PrefabInstance: {fileID: 0}
  m_PrefabAsset: {fileID: 0}
  m_GameObject: {fileID: 8631039035739741357}
  m_LocalRotation: {x: 0.22570771, y: -0.78414726, z: -0.087299265, w: 0.57144374}
  m_LocalPosition: {x: -0.118836515, y: -0.0273209, z: -0.03781983}
  m_LocalScale: {x: 1, y: 1, z: 1}
  m_ConstrainProportionsScale: 0
  m_Children:
  - {fileID: 4470771507163873467}
  m_Father: {fileID: 4838383081626665736}
  m_RootOrder: 0
  m_LocalEulerAnglesHint: {x: 0, y: 0, z: 0}
--- !u!1 &8867364064853669116
GameObject:
  m_ObjectHideFlags: 0
  m_CorrespondingSourceObject: {fileID: 0}
  m_PrefabInstance: {fileID: 0}
  m_PrefabAsset: {fileID: 0}
  serializedVersion: 6
  m_Component:
  - component: {fileID: 2089668071552566770}
  m_Layer: 0
  m_Name: ring_01_l
  m_TagString: Untagged
  m_Icon: {fileID: 0}
  m_NavMeshLayer: 0
  m_StaticEditorFlags: 0
  m_IsActive: 1
--- !u!4 &2089668071552566770
Transform:
  m_ObjectHideFlags: 0
  m_CorrespondingSourceObject: {fileID: 0}
  m_PrefabInstance: {fileID: 0}
  m_PrefabAsset: {fileID: 0}
  m_GameObject: {fileID: 8867364064853669116}
  m_LocalRotation: {x: -0.10288237, y: -0.19176874, z: -0.7443882, w: 0.6312893}
  m_LocalPosition: {x: -0.091533884, y: 0.015587158, z: 0.027992878}
  m_LocalScale: {x: 1.0000001, y: 1, z: 1}
  m_ConstrainProportionsScale: 0
  m_Children:
  - {fileID: 4547795886127896936}
  m_Father: {fileID: 4005424110249737731}
  m_RootOrder: 3
  m_LocalEulerAnglesHint: {x: 0, y: 0, z: 0}
--- !u!1 &9129273163378449138
GameObject:
  m_ObjectHideFlags: 0
  m_CorrespondingSourceObject: {fileID: 0}
  m_PrefabInstance: {fileID: 0}
  m_PrefabAsset: {fileID: 0}
  serializedVersion: 6
  m_Component:
  - component: {fileID: 5294225175702122199}
  m_Layer: 0
  m_Name: upperarm_r
  m_TagString: Untagged
  m_Icon: {fileID: 0}
  m_NavMeshLayer: 0
  m_StaticEditorFlags: 0
  m_IsActive: 1
--- !u!4 &5294225175702122199
Transform:
  m_ObjectHideFlags: 0
  m_CorrespondingSourceObject: {fileID: 0}
  m_PrefabInstance: {fileID: 0}
  m_PrefabAsset: {fileID: 0}
  m_GameObject: {fileID: 9129273163378449138}
  m_LocalRotation: {x: -0.04181894, y: -0.28789544, z: 0.6869283, w: 0.6659558}
  m_LocalPosition: {x: 0.20217378, y: 0.050174512, z: 0.023134613}
  m_LocalScale: {x: 1.0000001, y: 1, z: 1}
  m_ConstrainProportionsScale: 0
  m_Children:
  - {fileID: 5578695438167555440}
  m_Father: {fileID: 5073642353495242796}
  m_RootOrder: 0
  m_LocalEulerAnglesHint: {x: 0, y: 0, z: 0}
--- !u!1 &9143947739582912194
GameObject:
  m_ObjectHideFlags: 0
  m_CorrespondingSourceObject: {fileID: 0}
  m_PrefabInstance: {fileID: 0}
  m_PrefabAsset: {fileID: 0}
  serializedVersion: 6
  m_Component:
  - component: {fileID: 685426505516148583}
  m_Layer: 0
  m_Name: spine_02
  m_TagString: Untagged
  m_Icon: {fileID: 0}
  m_NavMeshLayer: 0
  m_StaticEditorFlags: 0
  m_IsActive: 1
--- !u!4 &685426505516148583
Transform:
  m_ObjectHideFlags: 0
  m_CorrespondingSourceObject: {fileID: 0}
  m_PrefabInstance: {fileID: 0}
  m_PrefabAsset: {fileID: 0}
  m_GameObject: {fileID: 9143947739582912194}
  m_LocalRotation: {x: 0.045174688, y: 0.024358727, z: -0.06379898, w: 0.9966422}
  m_LocalPosition: {x: -0.1887535, y: 0.038011625, z: 5.96483e-10}
  m_LocalScale: {x: 1.0000001, y: 1.0000001, z: 1}
  m_ConstrainProportionsScale: 0
  m_Children:
  - {fileID: 4838383081626665736}
  m_Father: {fileID: 59892029849836477}
  m_RootOrder: 0
  m_LocalEulerAnglesHint: {x: 0, y: 0, z: 0}
--- !u!1 &9189864696879586888
GameObject:
  m_ObjectHideFlags: 0
  m_CorrespondingSourceObject: {fileID: 0}
  m_PrefabInstance: {fileID: 0}
  m_PrefabAsset: {fileID: 0}
  serializedVersion: 6
  m_Component:
  - component: {fileID: 4603628756676971617}
  m_Layer: 0
  m_Name: middle_02_r
  m_TagString: Untagged
  m_Icon: {fileID: 0}
  m_NavMeshLayer: 0
  m_StaticEditorFlags: 0
  m_IsActive: 1
--- !u!4 &4603628756676971617
Transform:
  m_ObjectHideFlags: 0
  m_CorrespondingSourceObject: {fileID: 0}
  m_PrefabInstance: {fileID: 0}
  m_PrefabAsset: {fileID: 0}
  m_GameObject: {fileID: 9189864696879586888}
  m_LocalRotation: {x: -0.03622921, y: -0.2618522, z: -0.6710488, w: 0.69268644}
  m_LocalPosition: {x: 0.047303274, y: 0.003108673, z: -0.0040924833}
  m_LocalScale: {x: 1, y: 1.0000001, z: 1}
  m_ConstrainProportionsScale: 0
  m_Children:
  - {fileID: 5543523445133927018}
  m_Father: {fileID: 8645526109471900650}
  m_RootOrder: 0
  m_LocalEulerAnglesHint: {x: 0, y: 0, z: 0}
